 Dungeon Crawl Stone Soup version 0.22-a0-553-g9358b0b (webtiles) character file.

589163 glosham the Epochal (level 26, -4/303 (309) HPs)
             Began as a Gnoll Fire Elementalist on June 19, 2018.
             Was an Elder of Cheibriados.
             Killed by divine providence
             ... invoked by a greater mummy
              (10 damage)
             ... on level 3 of the Tomb of the Ancients on June 25, 2018.
             The game lasted 21:10:18 (36789 turns).

glosham the Epochal (Gnoll Fire Elementalist)      Turns: 36789, Time: 21:10:19

HP:   -4/303 (309)  AC: 33    Str: 21 (22) XL:     26   Next: 94%
MP:   24/44         EV:  2    Int: 37      God:    Cheibriados [****..]
Gold: 5916          SH: 19    Dex: 30 (31) Spells: 11/59 levels left

rFire    . . .     SeeInvis .   a - staff of death
rCold    . . .     Gourm    .   Z - +3 shield of the Scribe {Slay+3}
rNeg     + + +     Faith    .   (armour currently unavailable)
rPois    +         Spirit   .   (helmet currently unavailable)
rElec    .         Reflect  .   (cloak currently unavailable)
rCorr    .         Harm     .   (gloves currently unavailable)
MR       ++...     NoTele   +   (boots currently unavailable)
Stlth    ++++++++..             z - amulet "Wurux" {rPois Regen+ Int+2}
HPRegen  0.00/turn              A - ring of protection from magic
MPRegen  0.29/turn              B - ring of wizardry

@: agile, lethally poisoned (-4 -> -21), tree-form, non-regenerating, diseased,
slowed, deflect missiles, very slow
A: distributed training, strong nose
}: 4/15 runes: barnacled, slimy, silver, gossamer
a: Bend Time, Temporal Distortion, Slouch, Renounce Religion


You were on level 3 of the Tomb of the Ancients.
You worshipped Cheibriados.
Cheibriados was greatly pleased with you.
You were not hungry.
You were a tree.
You visited 11 branches of the dungeon, and saw 51 of its levels.
You visited the Abyss 1 time.
You also visited: Sewer, Ice Cave and Volcano.

You collected 11499 gold pieces.
You spent 5583 gold pieces at shops.

Inventory:

Hand Weapons
 c - a +9 broad axe of flaming
 w - the +8 hand crossbow "Bymnun" {penet, SInv}
   (You found it on level 5 of the Pits of Slime)

   Ammo fired by it will pass through the targets it hits, potentially hitting
   all targets in its path until it reaches maximum range.
   It lets you see invisible.
Missiles
 d - 1549 bolts
Armour
 U - a +2 helmet (melded)
 V - a +2 pair of gloves (melded)
 W - the +1 pair of boots of Crawling (melded) {+Inv rF+ rC+ SInv}
   (You found it on level 5 of the Vaults)

   It protects you from fire.
   It protects you from cold.
   It lets you see invisible.
   It lets you turn invisible.
 X - quicksilver dragon scales (melded)
 Y - the +2 cloak "Cetwiy" (melded) {Regen+}
   (You found it on level 2 of the Spider Nest)

   It increases your rate of regeneration.
 Z - the +3 shield of the Scribe (worn) {Slay+3}
   (You took it off Asterion on level 3 of the Elven Halls)

   It affects your accuracy and damage with ranged weapons and melee attacks
   (+3).
Magical Staves
 a - an uncursed staff of death (weapon)
 b - an uncursed staff of energy {!a}
 e - an uncursed staff of air
 f - an uncursed staff of fire
Jewellery
 z - the amulet "Wurux" (around neck) {rPois Regen+ Int+2}
   (You took it off a deep elf high priest on level 3 of the Elven Halls)

   [amulet of regeneration]

   It affects your intelligence (+2).
   It protects you from poison.
   It increases your rate of regeneration.
 A - a ring of protection from magic (left branch)
 B - a ring of wizardry (right branch)
 C - the ring of Loloegh {rC+ AC+3 Str+3}
   (You took it off a tengu reaver on level 5 of the Vaults)

   [ring of protection]

   It affects your AC (+3).
   It affects your strength (+3).
   It protects you from cold.
 D - an uncursed ring of fire
 M - an uncursed ring of flight
 S - an uncursed ring of resist corrosion
Wands
 g - a wand of enslavement (30)
 h - a wand of polymorph (42)
 i - a wand of paralysis (31)
 P - a wand of iceblast (4)
 R - a wand of digging (12)
Scrolls
 k - 14 scrolls of teleportation
 l - 3 scrolls of blinking
 m - 6 scrolls of fog
 n - 3 scrolls of fear
 o - 11 scrolls of remove curse
 p - 7 scrolls of identify
 I - 5 scrolls of immolation
 T - 2 scrolls of summoning
Potions
 q - 6 potions of ambrosia
 r - 28 potions of curing
 s - 16 potions of heal wounds
 u - 4 potions of resistance
 v - 6 potions of brilliance
 x - 8 potions of agility
 y - 8 potions of might
 J - a potion of cancellation
 O - 3 potions of lignification
 Q - 2 potions of mutation {!q}
Miscellaneous
 j - a crystal ball of energy
 E - a lightning rod (4/4)
 F - a figurine of a ziggurat
 G - a fan of gales
 H - 3 sacks of spiders
 L - a lamp of fire
 N - 5 boxes of beasts
Comestibles
 K - 52 rations


   Skills:
 + Level 16.7 Fighting
 + Level 16.7 Short Blades
 + Level 16.7 Long Blades
 + Level 16.7 Axes
 + Level 16.7 Maces & Flails
 + Level 16.7 Polearms
 + Level 16.7 Staves
 + Level 16.7 Slings
 + Level 16.7 Bows
 + Level 16.8 Crossbows
 + Level 16.7 Throwing
 + Level 16.7 Armour
 + Level 17.2 Dodging
 + Level 17.1 Stealth
 + Level 16.7 Shields
 + Level 16.7 Unarmed Combat
 + Level 17.3 Spellcasting
 + Level 14.6 Conjurations
 + Level 14.4 Hexes
 + Level 14.4 Charms
 + Level 14.4 Summonings
 + Level 14.4 Necromancy
 + Level 14.4 Translocations
 + Level 14.4 Transmutations
 + Level 15.2 Fire Magic
 + Level 14.4 Ice Magic
 + Level 14.4 Air Magic
 + Level 14.4 Earth Magic
 + Level 14.4 Poison Magic
 + Level 18.0 Invocations
 + Level 16.7 Evocations


You had 11 spell levels left.
You knew the following spells:

 Your Spells              Type           Power        Failure   Level  Hunger
a - Apportation           Tloc           ######       0%          1    None
d - Deflect Missiles      Chrm/Air       #######...   1%          6    None
g - Passage of Golubria   Tloc           N/A          1%          4    None
l - Summon Lightning Spi  Summ/Air       #######.     1%          4    None
r - Regeneration          Chrm/Necr      ########..   0%          3    None
u - Dispel Undead         Necr           ########     1%          5    None
v - Borgnjor's Vile Clut  Necr/Erth      ########..   1%          5    None
x - Bolt of Fire          Conj/Fire      #######...   1%          6    None
E - Conjure Ball Lightni  Conj/Air       #######...   1%          6    None
W - Ignition              Fire           #######...   5%          8    #####..

Your spell library contained the following spells:

 Spells                   Type           Power        Failure   Level  Hunger
 Cause Fear               Hex            #######...   1%          4    None
 Magic Dart               Conj           ####         0%          1    None
 Fireball                 Conj/Fire      #######...   1%          5    None
 Conjure Flame            Conj/Fire      #######.     0%          3    None
 Bolt of Cold             Conj/Ice       #######...   1%          6    None
 Lightning Bolt           Conj/Air       #######...   1%          5    None
 Bolt of Magma            Conj/Fire/Erth #######...   1%          5    None
 Slow                     Hex            #######.     0%          2    None
 Confuse                  Hex            #######.     0%          3    None
 Invisibility             Hex            #######.     1%          6    None
 Throw Flame              Conj/Fire      ######       0%          2    None
 Throw Frost              Conj/Ice       ######       0%          2    None
 Freezing Cloud           Conj/Ice/Air   #######...   1%          6    None
 Mephitic Cloud           Conj/Pois/Air  #######.     0%          3    None
 Ring of Flames           Chrm/Fire      #######...   1%          7    ##.....
 Venom Bolt               Conj/Pois      #######...   1%          5    None
 Olgreb's Toxic Radiance  Pois           #######.     1%          4    None
 Teleport Other           Tloc           #######.     0%          3    None
 Summon Small Mammal      Summ           ####         0%          1    None
 Bolt of Draining         Conj/Necr      ########..   1%          5    None
 Blink                    Tloc           N/A          0%          2    None
 Iskenderun's Mystic Bla  Conj           #######.     1%          4    None
 Freeze                   Ice            ####         0%          1    None
 Ozocubu's Refrigeration  Ice            #######...   1%          6    None
 Sticky Flame             Conj/Fire      #######.     0%          4    None
 Summon Ice Beast         Ice/Summ       #######.     1%          4    None
 Ozocubu's Armour         Chrm/Ice       #######.     0%          3    None
 Call Imp                 Summ           #######.     0%          2    None
 Sting                    Conj/Pois      ####         0%          1    None
 Sublimation of Blood     Necr           ########..   0%          2    None
 Tukima's Dance           Hex            #######.     0%          3    None
 Corpse Rot               Necr           N/A          0%          2    None
 Iron Shot                Conj/Erth      #######...   1%          6    None
 Agony                    Necr           ########     1%          5    None
 Statue Form              Tmut/Erth      #######..    1%          6    None
 Ice Form                 Ice/Tmut       #######.     1%          4    None
 Dragon Form              Tmut           #######...   1%          7    ##.....
 Throw Icicle             Conj/Ice       #######.     1%          4    None
 Shadow Creatures         Summ           N/A          1%          6    None
 Flame Tongue             Conj/Fire      #####        0%          1    None
 Passwall                 Tmut/Erth      #######.     0%          2    None
 Ignite Poison            Fire/Tmut/Pois #######.     0%          3    None
 Sticks to Snakes         Tmut           #######.     0%          2    None
 Call Canine Familiar     Summ           #######.     0%          3    None
 Ensorcelled Hibernation  Hex/Ice        ######       0%          2    None
 Metabolic Englaciation   Hex/Ice        #######...   1%          5    None
 Summon Butterflies       Summ           #######.     0%          1    None
 Silence                  Hex/Air        #######...   1%          5    None
 Shatter                  Erth           #######...   69%         9    ######.
 Corona                   Hex            #######      0%          1    None
 Alistair's Intoxication  Tmut/Pois      #######.     1%          5    None
 Simulacrum               Ice/Necr       ########..   1%          6    None
 Excruciating Wounds      Chrm/Necr      ########..   1%          5    None
 Portal Projectile        Hex/Tloc       ######       0%          3    None
 Petrify                  Tmut/Erth      #######.     1%          4    None
 Tornado                  Air            #######...   69%         9    ######.
 Leda's Liquefaction      Hex/Erth       #######...   1%          4    None
 Summon Hydra             Summ           #######...   1%          7    ##.....
 Darkness                 Hex            #######...   1%          6    None
 Shroud of Golubria       Chrm/Tloc      #######...   0%          2    None
 Inner Flame              Hex/Fire       #######.     0%          3    None
 Fulminant Prism          Conj/Hex       #######...   1%          4    None
 Dazzling Spray           Conj/Hex       ######       0%          3    None
 Force Lance              Conj/Tloc      #######.     1%          4    None
 Infusion                 Chrm           ####         0%          1    None
 Song of Slaying          Chrm           #######.     0%          2    None
 Spectral Weapon          Hex/Chrm       #######.     0%          3    None
 Searing Ray              Conj           ######       0%          2    None
 Summon Guardian Golem    Hex/Summ       #######.     0%          3    None
 Dragon's Call            Summ           #######...   69%         9    ######.
 Summon Mana Viper        Hex/Summ       #######.     1%          5    None
 Hydra Form               Tmut           #######...   1%          6    None
 Irradiate                Conj/Tmut      #######...   1%          5    None
 Gell's Gravitas          Tloc           #######...   0%          3    None
 Lesser Beckoning         Tloc           #######...   0%          3    None
 Poisonous Vapours        Pois/Air       ######       0%          2    None


Dungeon Overview and Level Annotations

Branches:
Dungeon (15/15)            Temple (1/1) D:7            Lair (6/6) D:10
 Shoals (4/4) Lair:4       Spider (4/4) Lair:2        Slime (5/5) Lair:5
    Orc (2/2) D:12            Elf (3/3) Orc:2        Vaults (5/5) D:13
  Crypt (3/3) Vaults:3       Tomb (3/3) Crypt:3      Depths (0/5) D:15

Altars:
Ashenzari
Cheibriados
Fedhas
Gozag
Hepliaklqana
Kikubaaqudgha
Qazlal
Ru
Trog
Vehumet
Wu Jian
Xom
Yredelemnul
Zin
Beogh
Jiyva

Shops:
D:6 [   Orc:2 !![(*   Elf:3 %   Shoals:3 *   Shoals:4 ?   Vaults:1 [
Vaults:3 !   Vaults:4 *


Innate Abilities, Weirdness & Mutations

Your experience applies equally to all skills.
((You have very sharp teeth.))
Your uncanny sense of smell can sniff out nearby items.


Message History

The fireball engulfs the bennu.
The bennu completely resists.
The fireball engulfs the emperor scorpion.
The emperor scorpion is almost dead.
The fireball engulfs the ushabti.
The ushabti resists.
The ushabti is almost destroyed.
The fireball engulfs the ushabti.
The ushabti resists.
The ushabti is almost destroyed.
The fireball engulfs the greater mummy.
The greater mummy is heavily damaged.
The fireball engulfs the mummy priest.
The mummy priest is almost destroyed.
The fireball engulfs the ancient lich.
The ancient lich resists.
The ancient lich is moderately damaged.
The fireball engulfs the greater mummy.
The greater mummy is heavily damaged.
The fireball engulfs the ushabti.
The ushabti resists.
You destroy the ushabti!
Cheibriados appreciates the change of pace.
The fireball engulfs the greater mummy.
The greater mummy is severely damaged.
The fireball engulfs the ushabti.
The ushabti resists.
You destroy the ushabti!
Cheibriados appreciates the change of pace.
You are engulfed in dark miasma.
You feel your flesh rotting away!
You feel ill.
You feel sick. The bennu pecks you but does no damage. The bennu claws you.
The bennu claws you but does no damage.
You block the emperor scorpion's attack.
The emperor scorpion claws you but does no damage. x2
The emperor scorpion is engulfed in dark miasma.
The emperor scorpion is poisoned.
The emperor scorpion seems to slow down.
The emperor scorpion dies!
The emperor scorpion's corpse disappears in a puff of smoke!
The ancient lich points at you and mumbles some strange words.
The crystal spear hits you!
* * * LOW HITPOINT WARNING * * *
The greater mummy gestures at you while chanting.
Something smites you!
You die...

**,,,,,***,,,,,,,,,,,,,,,....
*,,,,,,,,,,,,,,,,,,,,,,,8...
**,,.,,,,,,,,,,,,,,,∆,,,.M..
***.8,,,,,,,,,,,,,,,,,,..M.
*##M##**,,,,,,,,,,,,,,,,*
**#..M.#*,,,,,,,,,,,,,,,,#
**,$...ML#*,,,,,,,,,,,,,,##
*,,.....^§##,,,,,,,,,,,,##.
**,,....^§b♣#*,..M......##<.
*,,,.....3s§§#*...M....##ZW.
*,,,...†.§.(§^##......##.MM.
*,,,$$$......§##.....8##....
*,,,$!$).[....§#.8..§.#....^
*,,,$$$$$$.....#.z§§.M#.....
**,,=$$$$^$...)M.§....'.....
**,$$$$$$$....#8.MM..#..M^.
**,,,,,∆,,,,,#.§....#.....


You could see 2 greater mummies, an emperor scorpion, an ancient lich, a bennu,
2 mummy priests, a soul eater and 2 ushabtiu.

Vanquished Creatures
  the Royal Jelly (Slime:5)
  An ancient lich (Crypt:3)
  Khufu (Tomb:1)
  13 greater mummies
  Boris (Crypt:1)
  Nikola (Shoals:4)
  A golden dragon (Vaults:5)
  Jory (Tomb:2)
  A bone dragon (Crypt:3)
  6 tentacled monstrosities
  Asterion (Elf:3)
  A quicksilver dragon (Vaults:5)
  5 liches
  A deep elf blademaster (Elf:3)
  5 titans
  Frances (D:13)
  15 acid blobs
  5 ancient champions
  10 sphinxes
  Kirke (D:13)
  Agnes (D:14)
  7 tengu reavers
  7 shadow dragons
  2 revenants (Crypt:2)
  Polyphemus (Shoals:4)
  5 storm dragons
  8 azure jellies
  A shadow dragon (shapeshifter) (Vaults:5)
  Ilsuiw (Shoals:4)
  3 iron dragons
  4 frost giants
  3 fire giants
  An orc warlord (Orc:2)
  21 vault wardens
  3 ghost moths
  7 deep elf sorcerers (Elf:3)
  6 deep elf elementalists
  4 emperor scorpions
  The ghost of pk666 the Eclecticist, an adept DEFE of Vehumet (Shoals:1)
  2 ghouls
  18 ironheart preservers
  2 very ugly things
  A vampire knight (Crypt:3)
  12 stone giants
  5 war gargoyles
  3 entropy weavers
  12 bennus
  7 deep elf annihilators (Elf:3)
  A dire elephant (Lair:5)
  The ghost of Ciub Bod the Unseen, a journeyman SpVM of Gozag (Shoals:1)
  12 deep elf demonologists
  A spark wasp (Spider:1)
  4 eidola
  The ghost of Besemix the Arsonist, a journeyman TeFE of Vehumet (Lair:6)
  4 merfolk javelineers (Shoals:4)
  3 crystal guardians
  16 mummy priests
  2 merfolk impalers
  7 deep elf death magi
  7 ettins
  4 death oozes (Slime:5)
  2 fire dragons
  9 deep elf high priests
  Josephine (Orc:2)
  17 yaktaur captains
  3 jiangshi (Crypt:2)
  4 great orbs of eyes
  An ice dragon (Vaults:3)
  39 vault guards
  3 rakshasas
  4 catoblepae
  9 centaur warriors
  7 hydras
  A merfolk avatar (Shoals:4)
  3 death knights
  3 satyrs
  An alligator (Lair:6)
  3 alligator snapping turtles
  17 death scarabs
  7 merfolk aquamancers
  39 two-headed ogres
  A two-headed ogre (shapeshifter) (Vaults:5)
  11 ogre magi
  30 dancing weapons
  3 deep troll earth magi
  2 death yaks (Shoals:4)
  A tengu warrior (D:13)
  2 ball lightnings (Slime:5)
  An alligator (shapeshifter) (Vaults:3)
  3 vampire magi (Crypt:2)
  11 deep elf knights
  A titan zombie (Tomb:2)
  4 thrashing horrors (Abyss:4)
  A large abomination (Spider:1)
  2 storm dragon zombies
  A spectral emperor scorpion (Spider:4)
  3 hell knights (Crypt:3)
  2 titan skeletons (Crypt:3)
  42 skeletal warriors
  2 shadow wraiths
  3 wizards
  2 flayed ghosts
  An entropy weaver zombie (Spider:1)
  19 deep trolls
  10 sea snakes
  15 deep elf archers
  2 unseen horrors
  A spectral wolf spider (Spider:4)
  3 harpies
  2 glowing orange brains
  7 phantasmal warriors
  18 ironbrand convokers
  6 wolf spider zombies
  10 orc knights
  41 deep elf magi
  8 necromancers
  15 ugly things
  35 wolf spiders
  12 fauns
  9 orb spiders
  46 slime creatures
  4 orc sorcerers
  A moth of wrath (Spider:3)
  7 manticores
  13 cyclopes
  3 shining eyes
  An elephant (shapeshifter) (Vaults:4)
  An ice statue (IceCv)
  An eye of devastation (Slime:3)
  25 elephants
  7 merfolk sirens
  2 molten gargoyles (Volcano)
  6 black mambas (Lair:6)
  2 guardian serpents (shapeshifter)
  20 vault sentinels
  6 water nymphs
  A guardian serpent (Lair:6)
  A gargoyle (D:10)
  A spiny frog (shapeshifter) (Vaults:1)
  3 torpor snails
  A yaktaur zombie (Vaults:4)
  3 small abominations
  2 kobold demonologists (D:8)
  13 spiny frogs
  2 yaktaurs (shapeshifter)
  13 demonic crawlers
  2 rime drakes (Shoals:1)
  A spectral redback (Spider:4)
  9 komodo dragons
  A pale draconian zombie (Crypt:2)
  33 yaktaurs
  21 freezing wraiths
  3 redback zombies
  2 komodo dragons (shapeshifter)
  44 guardian mummies
  A human skeleton (Vaults:4)
  4 jumping spiders (shapeshifter)
  15 merfolk
  3 meliai (D:13)
  6 trolls
  7 wind drakes
  24 jumping spiders
  2 queen bees (shapeshifter)
  An iron troll skeleton (Crypt:2)
  A wind drake (shapeshifter) (Vaults:1)
  3 spectral jumping spiders (Spider:4)
  13 hornets
  2 moth of wrath zombies (Spider:1)
  5 blink frogs (Lair:6)
  A spectral tarantella (Spider:4)
  2 human simulacra
  14 hippogriffs
  2 tarantella zombies (Spider:1)
  9 dream sheep
  A frost giant simulacrum (Tomb:2)
  3 jumping spider zombies
  2 air elementals (Elf:1)
  12 snapping turtles
  11 yaks
  8 wraiths
  28 flying skulls
  52 redbacks
  2 redbacks (shapeshifter)
  A tarantella (shapeshifter) (Vaults:4)
  3 fire elementals
  A fire bat (shapeshifter) (Vaults:1)
  A spriggan (D:9)
  23 tarantellas
  12 water elementals
  20 ushabtiu
  10 fire bats (Volcano)
  15 wyverns
  4 hogs (D:13)
  3 basilisks
  4 steam dragons
  A hungry ghost (D:11)
  A basilisk (shapeshifter) (Vaults:3)
  6 vampire mosquitoes
  2 death yak simulacra (IceCv)
  A warg (Orc:2)
  2 acid dragons
  5 soldier ants
  22 water moccasins
  An orb spider zombie (Spider:1)
  8 porcupines
  2 hell hounds (Lair:1)
  A floating eye (Slime:5)
  3 spectral hornets (Spider:4)
  3 sky beasts
  Purgy (Sewer)
  A swamp drake (D:10)
  6 eyes of draining
  8 ice beasts
  A necrophage (Crypt:3)
  39 orc warriors
  2 black bears
  2 phantoms
  2 alligator simulacra (IceCv)
  22 wolves
  34 ogres
  A boggart (D:13)
  2 snapping turtle skeletons
  27 centaurs
  A crocodile (shapeshifter) (Vaults:1)
  5 crocodiles
  A draconian zombie (Crypt:2)
  3 big kobolds (D:13)
  13 bullfrogs
  2 earth elementals (Elf:2)
  A glowing shapeshifter simulacrum (Vaults:4)
  3 wyvern skeletons
  7 scorpions
  29 killer bees
  16 wights
  A wolf zombie (Crypt:2)
  5 crimson imps
  A human zombie (Tomb:1)
  5 lava snakes (Volcano)
  A bullfrog zombie (D:10)
  A black bear zombie (Crypt:1)
  6 draconian simulacra (IceCv)
  6 hounds
  40 orc priests
  2 bullfrog skeletons
  4 jellies
  A quasit (D:9)
  A gnoll shaman (D:5)
  33 orc wizards
  6 centaur skeletons
  Ijyb (D:4)
  2 iguanas
  A porcupine zombie (Crypt:2)
  20 worker ants
  4 spriggan simulacra (IceCv)
  4 troll simulacra (IceCv)
  3 centaur simulacra (IceCv)
  A hound zombie (D:8)
  46 mummies
  A worker ant zombie (D:7)
  A howler monkey skeleton (D:8)
  15 gnolls
  2 river rats (D:6)
  6 adders
  2 naga simulacra (IceCv)
  An ogre simulacrum (IceCv)
  9 shadow imps
  12 white imps (IceCv)
  An adder skeleton (D:5)
  2 worms
  4 leopard geckos
  110 orcs
  3 bats
  11 giant cockroaches
  13 goblins
  4 hobgoblins
  13 jackals
  2 quokkas
  4 ball pythons
  4 frilled lizards
  A jackal zombie (Crypt:2)
  9 kobolds
  A quokka skeleton (D:8)
  7 rats
  11 crawling corpses
  8 fungi
  23 plants
  2 withered plants (Shoals:1)
2194 creatures vanquished.

Vanquished Creatures (collateral kills)
  A deep elf blademaster (Elf:3)
  A titan (Vaults:4)
  2 acid blobs (Slime:5)
  An azure jelly (Slime:5)
  Donald (Spider:1)
  Louise (Elf:3)
  3 deep elf sorcerers (Elf:3)
  A deep elf elementalist (Elf:3)
  The ghost of Liukyprioga the Cruncher, a journeyman NaWz of Kikubaaqudgha (Lair:4)
  A deep elf demonologist (Elf:3)
  2 deep elf annihilators
  A deep elf death mage (Elf:3)
  A deep elf high priest (Elf:3)
  A merfolk avatar (Shoals:4)
  A two-headed ogre (D:8)
  2 death scarabs (Spider:4)
  A ball lightning (Vaults:1)
  A sea snake (Shoals:4)
  A wizard (D:15)
  A lindwurm (Volcano)
  A deep elf archer (Vaults:2)
  An orb spider (Spider:2)
  A wolf spider zombie (Spider:1)
  A wolf spider (Spider:2)
  A naga mage (D:15)
  3 vault sentinels
  An eye of devastation (Slime:5)
  A merfolk siren (Shoals:4)
  A demonic crawler (Spider:4)
  2 slime creatures (Slime:5)
  2 redbacks
  A tarantella (Spider:2)
  3 wraiths (Orc:2)
  4 fire bats (Volcano)
  2 hungry ghosts
  An orb spider zombie (Spider:1)
  2 eyes of draining
  A centaur (Vaults:2)
  A bullfrog (D:15)
  A scorpion (Spider:1)
  A killer bee (D:9)
  A crawling corpse (Spider:1)
  A fungus (Lair:4)
59 creatures vanquished.

Vanquished Creatures (others)
  A lich (Tomb:2)
  2 deep elf master archers (Elf:3)
  2 ancient champions (Tomb:2)
  A deep elf elementalist (Elf:3)
  A bennu (Tomb:2)
  3 death scarabs
  88 ball lightnings
  A sea snake (Shoals:4)
  A deep elf mage (Elf:2)
  A merfolk siren (Shoals:2)
  A catoblepas skeleton (Tomb:3)
  5 slime creatures
  An ice dragon skeleton (Tomb:2)
  8 flying skulls
  A centaur (Vaults:3)
  3 mummies
  18 fungi
  12 plants
150 creatures vanquished.

Grand Total: 2403 creatures vanquished

Notes
Turn   | Place    | Note
-------+----------+-------------------------------------------
     0 | D:1      | glosham the Gnoll Fire Elementalist began the quest for the Orb.
     0 | D:1      | Reached XP level 1. HP: 13/13 MP: 6/6
    62 | D:1      | Reached skill level 2 in Conjurations
    80 | D:1      | Reached XP level 2. HP: 19/19 MP: 0/7
   137 | D:1      | Learned a level 2 spell: Throw Flame
   271 | D:2      | Reached XP level 3. HP: 17/25 MP: 5/9
   289 | D:1      | Reached skill level 5 in Spellcasting
   319 | D:1      | Learned a level 3 spell: Conjure Flame
   413 | D:2      | Reached skill level 1 in Invocations
   597 | D:3      | You fall through a shaft for 3 floors!
   597 | D:6      | Noticed a sky beast
   619 | D:6      | HP: 2/25 [sky beast (5)]
   626 | D:6      | Killed a sky beast
   626 | D:6      | Reached skill level 1 in Fighting
   626 | D:6      | Reached skill level 1 in Short Blades
   626 | D:6      | Reached skill level 1 in Long Blades
   626 | D:6      | Reached skill level 1 in Axes
   626 | D:6      | Reached skill level 1 in Maces & Flails
   626 | D:6      | Reached skill level 1 in Polearms
   626 | D:6      | Reached skill level 1 in Staves
   626 | D:6      | Reached skill level 1 in Slings
   626 | D:6      | Reached skill level 1 in Bows
   626 | D:6      | Reached skill level 1 in Crossbows
   626 | D:6      | Reached skill level 1 in Throwing
   626 | D:6      | Reached skill level 1 in Armour
   626 | D:6      | Reached skill level 1 in Shields
   626 | D:6      | Reached skill level 1 in Unarmed Combat
   626 | D:6      | Reached skill level 1 in Hexes
   626 | D:6      | Reached skill level 1 in Charms
   626 | D:6      | Reached skill level 1 in Summonings
   626 | D:6      | Reached skill level 1 in Necromancy
   626 | D:6      | Reached skill level 1 in Translocations
   626 | D:6      | Reached skill level 1 in Transmutations
   626 | D:6      | Reached skill level 1 in Ice Magic
   626 | D:6      | Reached skill level 1 in Air Magic
   626 | D:6      | Reached skill level 1 in Earth Magic
   626 | D:6      | Reached skill level 1 in Poison Magic
   626 | D:6      | Reached skill level 1 in Evocations
   626 | D:6      | Reached XP level 4. HP: 3/32 MP: 0/11
   626 | D:6      | Reached XP level 5. HP: 3/37 MP: 0/12
   632 | D:6      | Learned a level 4 spell: Sticky Flame
   638 | D:6      | Found a stormy altar of Qazlal.
   845 | D:6      | Found Kesothick's Antique Armour Shoppe.
   853 | D:6      | Reached XP level 6. HP: 40/44 MP: 3/13
   987 | D:6      | Reached skill level 2 in Invocations
  1124 | D:6      | Found a glowing drain.
  1129 | Sewer    | Entered a sewer
  1145 | Sewer    | Noticed Purgy
  1154 | Sewer    | Killed Purgy
  1154 | Sewer    | Reached skill level 2 in Fighting
  1154 | Sewer    | Reached skill level 2 in Short Blades
  1154 | Sewer    | Reached skill level 2 in Long Blades
  1154 | Sewer    | Reached skill level 2 in Axes
  1154 | Sewer    | Reached skill level 2 in Maces & Flails
  1154 | Sewer    | Reached skill level 2 in Polearms
  1154 | Sewer    | Reached skill level 2 in Staves
  1154 | Sewer    | Reached skill level 2 in Slings
  1154 | Sewer    | Reached skill level 2 in Bows
  1154 | Sewer    | Reached skill level 2 in Crossbows
  1154 | Sewer    | Reached skill level 2 in Throwing
  1154 | Sewer    | Reached skill level 2 in Armour
  1154 | Sewer    | Reached skill level 5 in Dodging
  1154 | Sewer    | Reached skill level 2 in Shields
  1154 | Sewer    | Reached skill level 2 in Unarmed Combat
  1154 | Sewer    | Reached skill level 2 in Evocations
  1337 | D:5      | Entered Level 5 of the Dungeon
  1421 | D:5      | Reached XP level 7. HP: 34/50 MP: 10/15
  1535 | D:4      | Found an ancient bone altar of Kikubaaqudgha.
  1630 | D:4      | Found a blossoming altar of Fedhas.
  1736 | D:3      | Found an opulent altar of Gozag.
  1882 | D:3      | Found a faded altar of an unknown god.
  2146 | D:4      | Noticed Ijyb
  2151 | D:4      | Killed Ijyb
  2151 | D:4      | Reached skill level 2 in Hexes
  2151 | D:4      | Reached skill level 2 in Charms
  2151 | D:4      | Reached skill level 2 in Summonings
  2151 | D:4      | Reached skill level 2 in Necromancy
  2151 | D:4      | Reached skill level 2 in Translocations
  2151 | D:4      | Reached skill level 2 in Transmutations
  2151 | D:4      | Reached skill level 2 in Ice Magic
  2151 | D:4      | Reached skill level 2 in Air Magic
  2151 | D:4      | Reached skill level 2 in Earth Magic
  2151 | D:4      | Reached skill level 2 in Poison Magic
  2186 | D:5      | Reached skill level 3 in Conjurations
  2539 | D:5      | Reached skill level 5 in Stealth
  2618 | D:5      | Reached skill level 3 in Invocations
  2682 | D:5      | Reached skill level 6 in Fire Magic
  2682 | D:5      | Reached XP level 8. HP: 42/57 MP: 2/16
  3067 | D:6      | Bought a pair of boots for 121 gold pieces
  3176 | D:6      | Reached skill level 3 in Fighting
  3176 | D:6      | Reached skill level 3 in Short Blades
  3176 | D:6      | Reached skill level 3 in Long Blades
  3176 | D:6      | Reached skill level 3 in Axes
  3176 | D:6      | Reached skill level 3 in Maces & Flails
  3176 | D:6      | Reached skill level 3 in Polearms
  3176 | D:6      | Reached skill level 3 in Staves
  3176 | D:6      | Reached skill level 3 in Slings
  3176 | D:6      | Reached skill level 3 in Bows
  3176 | D:6      | Reached skill level 3 in Crossbows
  3176 | D:6      | Reached skill level 3 in Throwing
  3176 | D:6      | Reached skill level 3 in Armour
  3176 | D:6      | Reached skill level 3 in Shields
  3176 | D:6      | Reached skill level 3 in Unarmed Combat
  3176 | D:6      | Reached skill level 3 in Evocations
  3267 | D:7      | Reached skill level 6 in Spellcasting
  3539 | D:7      | Noticed a hippogriff
  3548 | D:7      | Killed a hippogriff
  3548 | D:7      | Reached skill level 3 in Hexes
  3548 | D:7      | Reached skill level 3 in Charms
  3548 | D:7      | Reached skill level 3 in Summonings
  3548 | D:7      | Reached skill level 3 in Necromancy
  3548 | D:7      | Reached skill level 3 in Translocations
  3548 | D:7      | Reached skill level 3 in Transmutations
  3548 | D:7      | Reached skill level 3 in Ice Magic
  3548 | D:7      | Reached skill level 3 in Air Magic
  3548 | D:7      | Reached skill level 3 in Earth Magic
  3548 | D:7      | Reached skill level 3 in Poison Magic
  3548 | D:7      | Reached skill level 4 in Invocations
  3564 | D:7      | Found a staircase to the Ecumenical Temple.
  3573 | Temple   | Entered the Ecumenical Temple
  3590 | Temple   | Became a worshipper of Cheibriados the Contemplative
  3610 | Temple   | Learned a level 4 spell: Summon Lightning Spire
  3616 | Temple   | Learned a level 5 spell: Fireball
  3621 | D:7      | Reached skill level 6 in Dodging
  3621 | D:7      | Reached XP level 9. HP: 43/65 MP: 9/18
  3737 | D:7      | Reached skill level 4 in Fighting
  3737 | D:7      | Reached skill level 4 in Short Blades
  3737 | D:7      | Reached skill level 4 in Long Blades
  3737 | D:7      | Reached skill level 4 in Axes
  3737 | D:7      | Reached skill level 4 in Maces & Flails
  3737 | D:7      | Reached skill level 4 in Polearms
  3737 | D:7      | Reached skill level 4 in Staves
  3737 | D:7      | Reached skill level 4 in Slings
  3737 | D:7      | Reached skill level 4 in Bows
  3737 | D:7      | Reached skill level 4 in Crossbows
  3737 | D:7      | Reached skill level 4 in Throwing
  3737 | D:7      | Reached skill level 4 in Armour
  3737 | D:7      | Reached skill level 4 in Shields
  3737 | D:7      | Reached skill level 4 in Unarmed Combat
  3737 | D:7      | Reached skill level 4 in Conjurations
  3737 | D:7      | Reached skill level 4 in Evocations
  3844 | D:8      | Reached skill level 6 in Stealth
  3851 | D:8      | Reached * piety under Cheibriados
  4330 | D:9      | Reached skill level 5 in Invocations
  4551 | D:10     | Entered Level 10 of the Dungeon
  4651 | D:8      | Reached ** piety under Cheibriados
  4651 | D:8      | Reached XP level 10. HP: 73/73 MP: 20/20
  4657 | D:8      | Reached skill level 7 in Spellcasting
  4767 | D:8      | Found a transporter.
  4769 | D:8      | Noticed a kobold demonologist
  4790 | D:8      | Noticed a kobold demonologist
  4797 | D:8      | Found a transporter.
  4805 | D:8      | Got a jewelled helmet
  4816 | D:8      | Identified the cursed +0 helmet of the Circus Animal {+Inv rF- Int+5 SInv} (You found it on level 8 of the Dungeon)
  4831 | D:8      | Reached skill level 4 in Hexes
  4831 | D:8      | Reached skill level 4 in Charms
  4831 | D:8      | Reached skill level 4 in Summonings
  4831 | D:8      | Reached skill level 4 in Necromancy
  4831 | D:8      | Reached skill level 4 in Translocations
  4831 | D:8      | Reached skill level 4 in Transmutations
  4831 | D:8      | Reached skill level 4 in Ice Magic
  4831 | D:8      | Reached skill level 4 in Air Magic
  4831 | D:8      | Reached skill level 4 in Earth Magic
  4831 | D:8      | Reached skill level 4 in Poison Magic
  4928 | D:8      | Noticed a two-headed ogre
  4933 | D:8      | Killed a two-headed ogre
  4933 | D:8      | Reached skill level 5 in Fighting
  4933 | D:8      | Reached skill level 5 in Short Blades
  4933 | D:8      | Reached skill level 5 in Long Blades
  4933 | D:8      | Reached skill level 5 in Axes
  4933 | D:8      | Reached skill level 5 in Maces & Flails
  4933 | D:8      | Reached skill level 5 in Polearms
  4933 | D:8      | Reached skill level 5 in Staves
  4933 | D:8      | Reached skill level 5 in Slings
  4933 | D:8      | Reached skill level 5 in Bows
  4933 | D:8      | Reached skill level 5 in Crossbows
  4933 | D:8      | Reached skill level 5 in Throwing
  4933 | D:8      | Reached skill level 5 in Armour
  4933 | D:8      | Reached skill level 5 in Shields
  4933 | D:8      | Reached skill level 5 in Unarmed Combat
  4933 | D:8      | Reached skill level 5 in Evocations
  5013 | D:8      | Killed a kobold demonologist
  5013 | D:8      | Reached skill level 7 in Fire Magic
  5013 | D:8      | Killed a kobold demonologist
  5013 | D:8      | Reached skill level 7 in Dodging
  5235 | D:10     | Reached *** piety under Cheibriados
  5331 | D:10     | Found a shattered altar of Ashenzari.
  5399 | D:10     | Learned a level 3 spell: Mephitic Cloud
  5425 | D:10     | Reached skill level 5 in Conjurations
  5491 | D:10     | Reached skill level 6 in Invocations
  5519 | D:10     | Reached **** piety under Cheibriados
  5589 | D:10     | Reached skill level 7 in Stealth
  5595 | D:10     | Noticed a gargoyle
  5607 | D:10     | Killed a gargoyle
  5715 | D:10     | Reached XP level 11. HP: 81/81 MP: 7/22
  5856 | D:10     | Reached ***** piety under Cheibriados
  5943 | D:10     | Identified the Tome of Flying Sinister Rituals
  5965 | D:10     | Found a staircase to the Lair.
  5987 | D:10     | Reached skill level 6 in Fighting
  5987 | D:10     | Reached skill level 6 in Short Blades
  5987 | D:10     | Reached skill level 6 in Long Blades
  5987 | D:10     | Reached skill level 6 in Axes
  5987 | D:10     | Reached skill level 6 in Maces & Flails
  5987 | D:10     | Reached skill level 6 in Polearms
  5987 | D:10     | Reached skill level 6 in Staves
  5987 | D:10     | Reached skill level 6 in Slings
  5987 | D:10     | Reached skill level 6 in Bows
  5987 | D:10     | Reached skill level 6 in Crossbows
  5987 | D:10     | Reached skill level 6 in Throwing
  5987 | D:10     | Reached skill level 6 in Armour
  5987 | D:10     | Reached skill level 6 in Shields
  5987 | D:10     | Reached skill level 6 in Unarmed Combat
  5987 | D:10     | Reached skill level 6 in Evocations
  6016 | D:10     | Learned a level 2 spell: Ensorcelled Hibernation
  6042 | Lair:1   | Entered Level 1 of the Lair of Beasts
  6094 | Lair:1   | Reached skill level 5 in Hexes
  6094 | Lair:1   | Reached skill level 5 in Charms
  6094 | Lair:1   | Reached skill level 5 in Summonings
  6094 | Lair:1   | Reached skill level 5 in Necromancy
  6094 | Lair:1   | Reached skill level 5 in Translocations
  6094 | Lair:1   | Reached skill level 5 in Transmutations
  6094 | Lair:1   | Reached skill level 5 in Ice Magic
  6094 | Lair:1   | Reached skill level 5 in Air Magic
  6094 | Lair:1   | Reached skill level 5 in Earth Magic
  6094 | Lair:1   | Reached skill level 5 in Poison Magic
  6151 | Lair:1   | Reached skill level 8 in Spellcasting
  6257 | Lair:1   | Found a dark tunnel.
  6345 | Volcano  | Entered a volcano
  6413 | Volcano  | Reached skill level 7 in Invocations
  6466 | Volcano  | Found a bloodstained altar of Trog.
  6466 | Volcano  | Noticed a lindwurm
  6468 | Volcano  | Reached skill level 8 in Dodging
  6478 | Volcano  | Killed a lindwurm
  6488 | Volcano  | Noticed a fire dragon
  6496 | Volcano  | Killed a fire dragon
  6512 | Volcano  | Reached skill level 6 in Conjurations
  6513 | Volcano  | Reached skill level 8 in Stealth
  6515 | Volcano  | Reached XP level 12. HP: 75/89 MP: 21/24
  6718 | Lair:2   | Reached skill level 8 in Fire Magic
  6747 | Lair:2   | Upgraded the game from 0.22-a0-515-g75794bf to 0.22-a0-525-gf69a080
  6812 | Lair:2   | Reached ****** piety under Cheibriados
  6944 | Lair:4   | Found a runed gate.
  6945 | Lair:4   | Found a runed gate.
  6945 | Lair:4   | Found a runed gate.
  6954 | Lair:4   | Reached skill level 7 in Fighting
  6954 | Lair:4   | Reached skill level 7 in Short Blades
  6954 | Lair:4   | Reached skill level 7 in Long Blades
  6954 | Lair:4   | Reached skill level 7 in Axes
  6954 | Lair:4   | Reached skill level 7 in Maces & Flails
  6954 | Lair:4   | Reached skill level 7 in Polearms
  6954 | Lair:4   | Reached skill level 7 in Staves
  6954 | Lair:4   | Reached skill level 7 in Slings
  6954 | Lair:4   | Reached skill level 7 in Bows
  6954 | Lair:4   | Reached skill level 7 in Crossbows
  6954 | Lair:4   | Reached skill level 7 in Throwing
  6954 | Lair:4   | Reached skill level 7 in Armour
  6954 | Lair:4   | Reached skill level 7 in Shields
  6954 | Lair:4   | Reached skill level 7 in Unarmed Combat
  6954 | Lair:4   | Reached skill level 7 in Evocations
  6966 | Lair:4   | Found a staircase to the Shoals.
  7276 | Lair:4   | Noticed a 12-headed hydra
  7288 | Lair:4   | Noticed an 11-headed hydra
  7288 | Lair:4   | Noticed Liukyprioga's ghost (journeyman NaWz)
  7295 | Lair:4   | Killed an 11-headed hydra
  7295 | Lair:4   | Reached skill level 6 in Hexes
  7295 | Lair:4   | Reached skill level 6 in Charms
  7295 | Lair:4   | Reached skill level 6 in Summonings
  7295 | Lair:4   | Reached skill level 6 in Necromancy
  7295 | Lair:4   | Reached skill level 6 in Translocations
  7295 | Lair:4   | Reached skill level 6 in Transmutations
  7295 | Lair:4   | Reached skill level 6 in Ice Magic
  7295 | Lair:4   | Reached skill level 6 in Air Magic
  7295 | Lair:4   | Reached skill level 6 in Earth Magic
  7295 | Lair:4   | Reached skill level 6 in Poison Magic
  7301 | Lair:4   | Got a scorched scimitar
  7336 | Lair:4   | Killed a 12-headed hydra
  7336 | Lair:4   | Reached skill level 8 in Invocations
  7464 | Lair:3   | Noticed a six-headed hydra
  7469 | Lair:3   | Killed a six-headed hydra
  7469 | Lair:3   | Reached skill level 9 in Spellcasting
  7473 | Lair:3   | Identified the +8 scimitar "Timiufun" {slice, +Rage rF+ MR- MP+9} (You found it on level 4 of the Lair of Beasts)
  7601 | Lair:2   | Found a hole to the Spider Nest.
  7616 | Spider:1 | Entered Level 1 of the Spider Nest
  7616 | Spider:1 | Noticed an emperor scorpion
  7624 | Spider:1 | Killed an emperor scorpion
  7624 | Spider:1 | Reached skill level 9 in Dodging
  7638 | Spider:1 | Noticed a spark wasp
  7645 | Spider:1 | Killed a spark wasp
  7645 | Spider:1 | Reached XP level 13. HP: 55/98 MP: 8/26
  7693 | Spider:1 | Reached skill level 9 in Stealth
  7719 | Spider:1 | Reached skill level 7 in Conjurations
  7772 | Spider:1 | Noticed Donald
  7784 | Spider:1 | Killed Donald
  7784 | Spider:1 | Reached skill level 8 in Fighting
  7784 | Spider:1 | Reached skill level 8 in Short Blades
  7784 | Spider:1 | Reached skill level 8 in Long Blades
  7784 | Spider:1 | Reached skill level 8 in Axes
  7784 | Spider:1 | Reached skill level 8 in Maces & Flails
  7784 | Spider:1 | Reached skill level 8 in Polearms
  7784 | Spider:1 | Reached skill level 8 in Staves
  7784 | Spider:1 | Reached skill level 8 in Slings
  7784 | Spider:1 | Reached skill level 8 in Bows
  7784 | Spider:1 | Reached skill level 8 in Crossbows
  7784 | Spider:1 | Reached skill level 8 in Throwing
  7784 | Spider:1 | Reached skill level 8 in Armour
  7784 | Spider:1 | Reached skill level 8 in Shields
  7784 | Spider:1 | Reached skill level 8 in Unarmed Combat
  7784 | Spider:1 | Reached skill level 8 in Evocations
  7927 | Spider:2 | Noticed an emperor scorpion
  7938 | Spider:2 | Killed an emperor scorpion
  7938 | Spider:2 | Reached skill level 9 in Invocations
  8036 | Spider:2 | Reached skill level 7 in Hexes
  8036 | Spider:2 | Reached skill level 7 in Charms
  8036 | Spider:2 | Reached skill level 7 in Summonings
  8036 | Spider:2 | Reached skill level 7 in Necromancy
  8036 | Spider:2 | Reached skill level 7 in Translocations
  8036 | Spider:2 | Reached skill level 7 in Transmutations
  8036 | Spider:2 | Reached skill level 9 in Fire Magic
  8036 | Spider:2 | Reached skill level 7 in Ice Magic
  8036 | Spider:2 | Reached skill level 7 in Air Magic
  8036 | Spider:2 | Reached skill level 7 in Earth Magic
  8036 | Spider:2 | Reached skill level 7 in Poison Magic
  8105 | Spider:2 | Learned a level 6 spell: Freezing Cloud
  8130 | Spider:2 | Got a slimy bardiche
  8146 | Spider:3 | Reached skill level 10 in Spellcasting
  8146 | Spider:3 | Reached XP level 14. HP: 106/106 MP: 10/28
  8329 | Spider:3 | Noticed an entropy weaver
  8335 | Spider:3 | Killed an entropy weaver
  8335 | Spider:3 | Reached skill level 10 in Dodging
  8443 | Spider:4 | Entered Level 4 of the Spider Nest
  8450 | Spider:4 | Reached skill level 9 in Fighting
  8450 | Spider:4 | Reached skill level 9 in Short Blades
  8450 | Spider:4 | Reached skill level 9 in Long Blades
  8450 | Spider:4 | Reached skill level 9 in Axes
  8450 | Spider:4 | Reached skill level 9 in Maces & Flails
  8450 | Spider:4 | Reached skill level 9 in Polearms
  8450 | Spider:4 | Reached skill level 9 in Staves
  8450 | Spider:4 | Reached skill level 9 in Slings
  8450 | Spider:4 | Reached skill level 9 in Bows
  8450 | Spider:4 | Reached skill level 9 in Crossbows
  8450 | Spider:4 | Reached skill level 9 in Throwing
  8450 | Spider:4 | Reached skill level 9 in Armour
  8450 | Spider:4 | Reached skill level 9 in Shields
  8450 | Spider:4 | Reached skill level 9 in Unarmed Combat
  8450 | Spider:4 | Reached skill level 9 in Evocations
  8451 | Spider:4 | Noticed a ghost moth
  8496 | Spider:2 | Got a translucent cloak
  8502 | Spider:2 | Identified the +2 cloak "Cetwiy" {Regen+} (You found it on level 2 of the Spider Nest)
  8516 | Spider:2 | Identified the +11 bardiche "Ahaquor" {chop, *Corrode +Blink Int+4} (You found it on level 2 of the Spider Nest)
  8758 | Spider:1 | Reached skill level 10 in Stealth
  8835 | Spider:1 | Noticed an emperor scorpion
  8856 | Spider:1 | Killed an emperor scorpion
  8873 | Spider:1 | Reached skill level 8 in Conjurations
  8916 | Spider:1 | Reached skill level 10 in Invocations
  8963 | Spider:1 | Noticed an emperor scorpion
  9038 | Spider:1 | Killed an emperor scorpion
  9161 | Spider:1 | Identified a +1 pair of boots of running (You found it on level 1 of the Spider Nest)
  9542 | Spider:3 | Noticed an entropy weaver
  9548 | Spider:3 | Noticed a ghost moth
  9549 | Spider:3 | Killed an entropy weaver
  9549 | Spider:3 | Reached skill level 8 in Hexes
  9549 | Spider:3 | Reached skill level 8 in Charms
  9549 | Spider:3 | Reached skill level 8 in Summonings
  9549 | Spider:3 | Reached skill level 8 in Necromancy
  9549 | Spider:3 | Reached skill level 8 in Translocations
  9549 | Spider:3 | Reached skill level 8 in Transmutations
  9549 | Spider:3 | Reached skill level 8 in Ice Magic
  9549 | Spider:3 | Reached skill level 8 in Air Magic
  9549 | Spider:3 | Reached skill level 8 in Earth Magic
  9549 | Spider:3 | Reached skill level 8 in Poison Magic
  9549 | Spider:3 | Reached XP level 15. HP: 114/114 MP: 19/29
  9569 | Spider:3 | Killed a ghost moth
  9726 | Spider:4 | Killed a ghost moth
  9920 | Spider:4 | Learned a level 6 spell: Simulacrum
  9987 | Spider:4 | Reached skill level 11 in Spellcasting
 10074 | Spider:4 | Reached skill level 10 in Fire Magic
 10205 | Spider:4 | Noticed an emperor scorpion
 10228 | Spider:4 | Reached skill level 10 in Fighting
 10228 | Spider:4 | Reached skill level 10 in Short Blades
 10228 | Spider:4 | Reached skill level 10 in Long Blades
 10228 | Spider:4 | Reached skill level 10 in Axes
 10228 | Spider:4 | Reached skill level 10 in Maces & Flails
 10228 | Spider:4 | Reached skill level 10 in Polearms
 10228 | Spider:4 | Reached skill level 10 in Staves
 10228 | Spider:4 | Reached skill level 10 in Slings
 10228 | Spider:4 | Reached skill level 10 in Bows
 10228 | Spider:4 | Reached skill level 10 in Crossbows
 10228 | Spider:4 | Reached skill level 10 in Throwing
 10228 | Spider:4 | Reached skill level 10 in Armour
 10228 | Spider:4 | Reached skill level 10 in Shields
 10228 | Spider:4 | Reached skill level 10 in Unarmed Combat
 10228 | Spider:4 | Reached skill level 10 in Evocations
 10229 | Spider:4 | Reached skill level 11 in Dodging
 10230 | Spider:4 | HP: 8/115 [spectral emperor scorpion (4)]
 10269 | Spider:4 | Got a gossamer rune of Zot
 10320 | Spider:3 | Noticed a ghost moth
 10332 | Spider:3 | Killed a ghost moth
 10332 | Spider:3 | Reached skill level 11 in Invocations
 10741 | D:11     | Identified the +5 rapier "Cummaw" {pierce, Str+3} (You found it on level 11 of the Dungeon)
 10763 | D:11     | Found a blossoming altar of Fedhas.
 10869 | D:11     | Reached skill level 11 in Stealth
 11084 | D:12     | Reached skill level 9 in Conjurations
 11410 | D:12     | Found a staircase to the Orcish Mines.
 11423 | Orc:1    | Entered Level 1 of the Orcish Mines
 11624 | Orc:2    | Entered Level 2 of the Orcish Mines
 11639 | Orc:2    | Noticed Josephine
 11641 | Orc:2    | Reached XP level 16. HP: 122/122 MP: 26/31
 11650 | Orc:2    | Killed Josephine
 11810 | Orc:1    | Found a roughly hewn altar of Beogh.
 12021 | Orc:2    | Found a roughly hewn altar of Beogh.
 12054 | Orc:2    | Found a roughly hewn altar of Beogh.
 12059 | Orc:2    | Found Gozunan's Distillery.
 12077 | Orc:2    | Bought a potion of degeneration for 17 gold pieces
 12197 | Orc:2    | Found a roughly hewn altar of Beogh.
 12372 | Orc:2    | Found a staircase to the Elven Halls.
 12381 | Orc:2    | Found Hocoupe's Distillery.
 12391 | Orc:2    | Bought a potion of experience for 750 gold pieces
 12391 | Orc:2    | Reached skill level 9 in Hexes
 12391 | Orc:2    | Reached skill level 9 in Charms
 12391 | Orc:2    | Reached skill level 9 in Summonings
 12391 | Orc:2    | Reached skill level 9 in Necromancy
 12391 | Orc:2    | Reached skill level 9 in Translocations
 12391 | Orc:2    | Reached skill level 9 in Transmutations
 12391 | Orc:2    | Reached skill level 9 in Ice Magic
 12391 | Orc:2    | Reached skill level 9 in Air Magic
 12391 | Orc:2    | Reached skill level 9 in Earth Magic
 12391 | Orc:2    | Reached skill level 9 in Poison Magic
 12391 | Orc:2    | Reached XP level 17. HP: 129/129 MP: 32/32
 12570 | Orc:2    | Found a roughly hewn altar of Beogh.
 12581 | Orc:2    | Found Qimnaem's General Store.
 12593 | Orc:2    | Bought an uncursed staff of fire for 300 gold pieces
 12593 | Orc:2    | Bought a scroll of enchant armour for 90 gold pieces
 12703 | Orc:2    | Found Icucven's Antique Weapon Shoppe.
 12706 | Orc:2    | Found Bobe's Antique Armour Emporium.
 12707 | Orc:2    | Found a roughly hewn altar of Beogh.
 12757 | Orc:2    | Bought a runed scarf for 232 gold pieces
 12757 | Orc:2    | Bought a runed robe for 107 gold pieces
 12919 | Elf:1    | Entered Level 1 of the Elven Halls
 13639 | Elf:2    | Found a huge runed gate.
 13639 | Elf:2    | Found a huge runed gate.
 13639 | Elf:2    | Found a huge runed gate.
 13639 | Elf:2    | Found a huge runed gate.
 13640 | Elf:2    | Found a huge runed gate.
 13641 | Elf:2    | Reached skill level 11 in Fighting
 13641 | Elf:2    | Reached skill level 11 in Short Blades
 13641 | Elf:2    | Reached skill level 11 in Long Blades
 13641 | Elf:2    | Reached skill level 11 in Axes
 13641 | Elf:2    | Reached skill level 11 in Maces & Flails
 13641 | Elf:2    | Reached skill level 11 in Polearms
 13641 | Elf:2    | Reached skill level 11 in Staves
 13641 | Elf:2    | Reached skill level 11 in Slings
 13641 | Elf:2    | Reached skill level 11 in Bows
 13641 | Elf:2    | Reached skill level 11 in Crossbows
 13641 | Elf:2    | Reached skill level 11 in Throwing
 13641 | Elf:2    | Reached skill level 11 in Armour
 13641 | Elf:2    | Reached skill level 11 in Shields
 13641 | Elf:2    | Reached skill level 11 in Unarmed Combat
 13641 | Elf:2    | Reached skill level 11 in Evocations
 13769 | Elf:2    | Reached skill level 12 in Spellcasting
 13925 | Elf:2    | Reached skill level 12 in Invocations
 14101 | Elf:2    | Learned a level 5 spell: Borgnjor's Vile Clutch
 14302 | Elf:2    | Reached skill level 12 in Dodging
 14447 | Elf:2    | Reached skill level 11 in Fire Magic
 14447 | Elf:2    | Reached XP level 18. HP: 110/138 MP: 34/34
 14451 | Elf:2    | Reached skill level 12 in Stealth
 14584 | Elf:3    | Entered Level 3 of the Elven Halls
 14597 | Elf:3    | Noticed Asterion
 14604 | Elf:3    | Killed Asterion
 14604 | Elf:3    | Reached skill level 10 in Conjurations
 14606 | Elf:3    | Identified the +3 shield of the Scribe {Slay+3} (You took it off Asterion on level 3 of the Elven Halls)
 15002 | Elf:3    | Found Daicanape's Food Shop.
 15161 | Elf:3    | Noticed a Hell Sentinel
 15245 | Elf:3    | Noticed a Tzitzimitl
 15351 | Elf:3    | Noticed a Hell Sentinel
 15408 | Elf:3    | Got a pitted pewter ring
 15440 | Elf:3    | Learned a level 6 spell: Bolt of Fire
 15520 | Elf:3    | Identified the ring "Gaxoe" {*Drain rC+++ rN+++ Str-5 Stlth+} (You took it off a deep elf demonologist on level 3 of the Elven Halls)
 15688 | Elf:3    | Identified the Catalogue of Air and Talismans
 15814 | Elf:3    | Noticed a deep elf master archer
 15818 | Elf:3    | Killed a deep elf master archer
 15818 | Elf:3    | Reached skill level 10 in Hexes
 15818 | Elf:3    | Reached skill level 10 in Charms
 15818 | Elf:3    | Reached skill level 10 in Summonings
 15818 | Elf:3    | Reached skill level 10 in Necromancy
 15818 | Elf:3    | Reached skill level 10 in Translocations
 15818 | Elf:3    | Reached skill level 10 in Transmutations
 15818 | Elf:3    | Reached skill level 10 in Ice Magic
 15818 | Elf:3    | Reached skill level 10 in Air Magic
 15818 | Elf:3    | Reached skill level 10 in Earth Magic
 15818 | Elf:3    | Reached skill level 10 in Poison Magic
 16080 | Elf:3    | Noticed a deep elf blademaster
 16127 | Elf:3    | Noticed Louise
 16236 | Elf:3    | Identified the Incunabulum of Transformation
 16310 | Elf:3    | Killed Louise
 16316 | Elf:3    | Killed a deep elf blademaster
 16375 | Elf:3    | Noticed a deep elf blademaster
 16387 | Elf:3    | Killed a deep elf blademaster
 16432 | Elf:3    | Got an ancient ruby amulet
 16440 | Elf:3    | Identified Ekhlikuusm's Compendium of Icy Curses
 16444 | Elf:3    | Identified the amulet "Wurux" {rPois Regen+ Int+2} (You took it off a deep elf high priest on level 3 of the Elven Halls)
 16466 | Elf:3    | Reached skill level 12 in Crossbows
 16480 | Elf:3    | Reached skill level 12 in Fighting
 16480 | Elf:3    | Reached skill level 12 in Short Blades
 16480 | Elf:3    | Reached skill level 12 in Long Blades
 16480 | Elf:3    | Reached skill level 12 in Axes
 16480 | Elf:3    | Reached skill level 12 in Maces & Flails
 16480 | Elf:3    | Reached skill level 12 in Polearms
 16480 | Elf:3    | Reached skill level 12 in Staves
 16480 | Elf:3    | Reached skill level 12 in Slings
 16480 | Elf:3    | Reached skill level 12 in Bows
 16480 | Elf:3    | Reached skill level 12 in Throwing
 16480 | Elf:3    | Reached skill level 12 in Armour
 16480 | Elf:3    | Reached skill level 12 in Shields
 16480 | Elf:3    | Reached skill level 12 in Unarmed Combat
 16480 | Elf:3    | Reached skill level 12 in Evocations
 16481 | Elf:3    | Noticed a deep elf master archer
 16484 | Elf:3    | Killed a deep elf master archer
 16484 | Elf:3    | Reached XP level 19. HP: 146/146 MP: 14/35
 16504 | Elf:3    | Identified the Almanac of Creative Contamination
 16544 | Elf:3    | Identified Ygeoheq's Incunabulum of Unstable Changing
 16592 | Elf:3    | Reached skill level 13 in Invocations
 16712 | Orc:2    | Bought a potion of curing for 45 gold pieces
 16712 | Orc:2    | Bought a potion of mutation for 120 gold pieces
 16712 | Orc:2    | Bought a potion of might for 60 gold pieces
 16712 | Orc:2    | Bought a potion of heal wounds for 75 gold pieces
 16712 | Orc:2    | Bought a potion of brilliance for 60 gold pieces
 16712 | Orc:2    | Bought a potion of curing for 45 gold pieces
 16712 | Orc:2    | Bought a potion of curing for 45 gold pieces
 16774 | Orc:2    | Bought a potion of heal wounds for 85 gold pieces
 16774 | Orc:2    | Bought a potion of flight for 51 gold pieces
 16774 | Orc:2    | Bought 2 potions of heal wounds for 170 gold pieces
 16774 | Orc:2    | Bought 2 potions of heal wounds for 170 gold pieces
 16774 | Orc:2    | Bought a potion of might for 68 gold pieces
 16774 | Orc:2    | Bought a potion of ambrosia for 136 gold pieces
 16774 | Orc:2    | Bought a potion of curing for 51 gold pieces
 16774 | Orc:2    | Bought a potion of lignification for 51 gold pieces
 16774 | Orc:2    | Bought a potion of brilliance for 68 gold pieces
 16774 | Orc:2    | Bought a potion of lignification for 51 gold pieces
 16865 | Orc:2    | Bought 2 potions of flight for 72 gold pieces
 16958 | D:12     | Learned a level 6 spell: Conjure Ball Lightning
 16958 | D:12     | Upgraded the game from 0.22-a0-525-gf69a080 to 0.22-a0-533-g4d20840
 17079 | D:13     | Noticed Frances
 17086 | D:13     | Killed Frances
 17104 | D:13     | Found a frozen archway.
 17226 | IceCv    | Entered an ice cave
 17358 | IceCv    | Found an ancient bone altar of Kikubaaqudgha.
 17444 | IceCv    | Reached skill level 13 in Spellcasting
 18185 | D:15     | Entered Level 15 of the Dungeon
 18466 | D:15     | Found a staircase to the Depths.
 18519 | D:15     | Reached skill level 13 in Dodging
 18589 | D:13     | Noticed Kirke
 18592 | D:13     | Killed Kirke
 18715 | D:13     | Found a gate to the Vaults.
 18832 | D:14     | Noticed Agnes
 18836 | D:14     | Killed Agnes
 19387 | Lair:2   | Reached skill level 13 in Stealth
 19666 | Shoals:1 | Entered Level 1 of the Shoals
 19940 | Shoals:1 | Found a runed gate.
 19940 | Shoals:1 | Found a runed gate.
 19940 | Shoals:1 | Found a runed gate.
 20078 | Shoals:1 | Noticed Ciub Bod's ghost (journeyman SpVM)
 20079 | Shoals:1 | Noticed pk666's ghost (adept DEFE)
 20106 | Shoals:1 | Killed pk666's ghost
 20108 | Shoals:1 | Killed Ciub Bod's ghost
 20384 | Shoals:2 | Reached skill level 11 in Conjurations
 20665 | Shoals:3 | Reached skill level 12 in Fire Magic
 20703 | Shoals:4 | Entered Level 4 of the Shoals
 20703 | Shoals:4 | Noticed Polyphemus
 20706 | Shoals:4 | Killed Polyphemus
 20740 | Shoals:4 | Reached XP level 20. HP: 131/155 MP: 24/37
 20741 | Shoals:4 | Noticed Ilsuiw
 20972 | Shoals:4 | Killed Ilsuiw
 20994 | Shoals:3 | Reached skill level 11 in Hexes
 20994 | Shoals:3 | Reached skill level 11 in Charms
 20994 | Shoals:3 | Reached skill level 11 in Summonings
 20994 | Shoals:3 | Reached skill level 11 in Necromancy
 20994 | Shoals:3 | Reached skill level 11 in Translocations
 20994 | Shoals:3 | Reached skill level 11 in Transmutations
 20994 | Shoals:3 | Reached skill level 11 in Ice Magic
 20994 | Shoals:3 | Reached skill level 11 in Air Magic
 20994 | Shoals:3 | Reached skill level 11 in Earth Magic
 20994 | Shoals:3 | Reached skill level 11 in Poison Magic
 21152 | Shoals:4 | Identified the amulet "Naabitwepowk" {Gourm rF+ rC+++ Int-5} (You took it off a merfolk on level 4 of the Shoals)
 21250 | Shoals:4 | Noticed Nikola
 21259 | Shoals:4 | Killed Nikola
 21402 | Shoals:4 | Reached skill level 13 in Crossbows
 21416 | Shoals:4 | Got a barnacled rune of Zot
 21502 | Shoals:4 | Reached skill level 13 in Fighting
 21502 | Shoals:4 | Reached skill level 13 in Short Blades
 21502 | Shoals:4 | Reached skill level 13 in Long Blades
 21502 | Shoals:4 | Reached skill level 13 in Axes
 21502 | Shoals:4 | Reached skill level 13 in Maces & Flails
 21502 | Shoals:4 | Reached skill level 13 in Polearms
 21502 | Shoals:4 | Reached skill level 13 in Staves
 21502 | Shoals:4 | Reached skill level 13 in Slings
 21502 | Shoals:4 | Reached skill level 13 in Bows
 21502 | Shoals:4 | Reached skill level 13 in Throwing
 21502 | Shoals:4 | Reached skill level 13 in Armour
 21502 | Shoals:4 | Reached skill level 13 in Shields
 21502 | Shoals:4 | Reached skill level 13 in Unarmed Combat
 21502 | Shoals:4 | Reached skill level 14 in Invocations
 21502 | Shoals:4 | Reached skill level 13 in Evocations
 21558 | Shoals:4 | Found Dehonaumn's Magic Scroll Shop.
 21561 | Shoals:4 | Bought a scroll of identify for 40 gold pieces
 21561 | Shoals:4 | Bought a scroll of enchant weapon for 150 gold pieces
 21561 | Shoals:4 | Bought 2 scrolls of summoning for 380 gold pieces
 21561 | Shoals:4 | Bought a scroll of identify for 40 gold pieces
 21561 | Shoals:4 | Bought a scroll of identify for 40 gold pieces
 21561 | Shoals:4 | Bought a scroll of amnesia for 70 gold pieces
 21561 | Shoals:4 | Bought a scroll of identify for 40 gold pieces
 21603 | Shoals:4 | Learned a level 6 spell: Deflect Missiles
 21669 | Shoals:3 | Upgraded the game from 0.22-a0-533-g4d20840 to 0.22-a0-538-g76cc104
 21776 | Shoals:3 | Found Jyrhur's Assorted Antiques.
 21787 | Shoals:3 | Bought a bloodstained robe for 188 gold pieces
 21787 | Shoals:3 | Bought a potion of agility for 132 gold pieces
 21787 | Shoals:3 | Bought a scroll of blinking for 247 gold pieces
 21787 | Shoals:3 | Bought a potion of curing for 99 gold pieces
 21787 | Shoals:3 | Bought a potion of agility for 132 gold pieces
 21787 | Shoals:3 | Identified the +0 robe "Wifuq" {Regen+} (You bought it in a shop on level 3 of the Shoals)
 21931 | Lair:4   | Killed Liukyprioga's ghost
 22037 | Lair:5   | Identified the +1 plate armour of a Billion Cities {Str-3 Int+6} (You found it on level 5 of the Lair of Beasts)
 22073 | Lair:5   | Identified a scroll of acquirement
 22349 | Lair:6   | Entered Level 6 of the Lair of Beasts
 22349 | Lair:6   | Found a transporter.
 22349 | Lair:6   | Noticed Besemix's ghost (journeyman TeFE)
 22657 | Lair:6   | Identified the +0 ring mail "Qec Empojoxt" {MP+9 Str+2} (You found it on level 6 of the Lair of Beasts)
 22722 | Lair:6   | Found a transporter.
 22925 | Lair:6   | Killed Besemix's ghost
 23050 | Lair:6   | Reached skill level 14 in Spellcasting
 23144 | Lair:5   | Found a viscous altar of Jiyva.
 23144 | Lair:5   | Found a staircase to the Slime Pits.
 23152 | Slime:1  | Entered Level 1 of the Pits of Slime
 23228 | Slime:2  | Reached XP level 21. HP: 116/162 MP: 14/39
 23279 | Slime:5  | Entered Level 5 of the Pits of Slime
 23418 | Slime:5  | Reached skill level 14 in Dodging
 23468 | Slime:5  | Noticed the Royal Jelly
 23477 | Slime:5  | Killed the Royal Jelly
 23477 | Slime:5  | Reached skill level 14 in Stealth
 23576 | Slime:5  | Got a slimy rune of Zot
 23662 | Slime:5  | Identified the +8 hand crossbow "Bymnun" {penet, SInv} (You found it on level 5 of the Pits of Slime)
 23695 | Slime:5  | Identified the ring "Oqumuemuco" {rPois rN+ Int+2 Stlth+} (You found it on level 5 of the Pits of Slime)
 25301 | Elf:1    | Identified the cursed +3 hand axe of the Nexus {antimagic, Int+6} (You took it off a deep elf knight on level 1 of the Elven Halls)
 25730 | Vaults:1 | Entered Level 1 of the Vaults
 26218 | Vaults:2 | Reached skill level 12 in Conjurations
 26633 | Vaults:1 | Learned a level 3 spell: Regeneration
 26664 | Vaults:1 | Found Cuaxues's Armour Emporium.
 26721 | Vaults:1 | Reached XP level 22. HP: 171/171 MP: 27/40
 26750 | Vaults:1 | Reached skill level 15 in Invocations
 26881 | Vaults:1 | Reached skill level 12 in Hexes
 26881 | Vaults:1 | Reached skill level 12 in Charms
 26881 | Vaults:1 | Reached skill level 12 in Summonings
 26881 | Vaults:1 | Reached skill level 12 in Necromancy
 26881 | Vaults:1 | Reached skill level 12 in Translocations
 26881 | Vaults:1 | Reached skill level 12 in Transmutations
 26881 | Vaults:1 | Reached skill level 13 in Fire Magic
 26881 | Vaults:1 | Reached skill level 12 in Ice Magic
 26881 | Vaults:1 | Reached skill level 12 in Air Magic
 26881 | Vaults:1 | Reached skill level 12 in Earth Magic
 26881 | Vaults:1 | Reached skill level 12 in Poison Magic
 26883 | Vaults:1 | Reached skill level 14 in Crossbows
 27048 | Vaults:1 | Reached skill level 14 in Fighting
 27048 | Vaults:1 | Reached skill level 14 in Short Blades
 27048 | Vaults:1 | Reached skill level 14 in Long Blades
 27048 | Vaults:1 | Reached skill level 14 in Axes
 27048 | Vaults:1 | Reached skill level 14 in Maces & Flails
 27048 | Vaults:1 | Reached skill level 14 in Polearms
 27048 | Vaults:1 | Reached skill level 14 in Staves
 27048 | Vaults:1 | Reached skill level 14 in Slings
 27048 | Vaults:1 | Reached skill level 14 in Bows
 27048 | Vaults:1 | Reached skill level 14 in Throwing
 27048 | Vaults:1 | Reached skill level 14 in Armour
 27048 | Vaults:1 | Reached skill level 14 in Shields
 27048 | Vaults:1 | Reached skill level 14 in Unarmed Combat
 27048 | Vaults:1 | Reached skill level 14 in Evocations
 27851 | Vaults:2 | Identified the +1 quarterstaff of Reapportionment {holy, +Fly rF+ Int+4 Dex+4} (You found it on level 2 of the Vaults)
 28630 | Vaults:3 | Reached skill level 15 in Spellcasting
 28720 | Vaults:3 | Found a staircase to the Crypt.
 28814 | Vaults:3 | Found Imegouc's Distillery.
 28831 | Vaults:3 | Bought a potion of might for 60 gold pieces
 28831 | Vaults:3 | Bought a potion of curing for 45 gold pieces
 28831 | Vaults:3 | Bought a potion of heal wounds for 75 gold pieces
 28831 | Vaults:3 | Bought a potion of heal wounds for 75 gold pieces
 28831 | Vaults:3 | Bought a potion of heal wounds for 75 gold pieces
 28831 | Vaults:3 | Bought a potion of invisibility for 120 gold pieces
 28831 | Vaults:3 | Bought a potion of agility for 60 gold pieces
 28831 | Vaults:3 | Bought a potion of heal wounds for 75 gold pieces
 28985 | Vaults:3 | Reached skill level 15 in Dodging
 29094 | Vaults:3 | Learned a level 4 spell: Passage of Golubria
 29152 | Vaults:4 | Upgraded the game from 0.22-a0-538-g76cc104 to 0.22-a0-542-gce4f928
 29216 | Vaults:4 | Found Konoll's General Store.
 29225 | Vaults:4 | Bought a scroll of teleportation for 48 gold pieces
 29225 | Vaults:4 | Bought a potion of ambrosia for 128 gold pieces
 29225 | Vaults:4 | Bought a scroll of blinking for 120 gold pieces
 29225 | Vaults:4 | Bought a potion of curing for 48 gold pieces
 29255 | Vaults:4 | Reached XP level 23. HP: 174/179 MP: 10/42
 29277 | Vaults:4 | Reached skill level 15 in Stealth
 29879 | Vaults:4 | Bought a scroll of immolation for 56 gold pieces
 30299 | Vaults:4 | Reached skill level 16 in Invocations
 30474 | Vaults:4 | Identified the quicksilver dragon scales "Icwuo" {rF- MR+ Str+6} (You found it on level 4 of the Vaults)
 30576 | Vaults:5 | Entered Level 5 of the Vaults
 30581 | Vaults:5 | Reached skill level 13 in Conjurations
 30586 | Vaults:5 | Reached skill level 15 in Crossbows
 30587 | Vaults:5 | Reached skill level 15 in Fighting
 30587 | Vaults:5 | Reached skill level 15 in Short Blades
 30587 | Vaults:5 | Reached skill level 15 in Long Blades
 30587 | Vaults:5 | Reached skill level 15 in Axes
 30587 | Vaults:5 | Reached skill level 15 in Maces & Flails
 30587 | Vaults:5 | Reached skill level 15 in Polearms
 30587 | Vaults:5 | Reached skill level 15 in Staves
 30587 | Vaults:5 | Reached skill level 15 in Slings
 30587 | Vaults:5 | Reached skill level 15 in Bows
 30587 | Vaults:5 | Reached skill level 15 in Throwing
 30587 | Vaults:5 | Reached skill level 15 in Armour
 30587 | Vaults:5 | Reached skill level 15 in Shields
 30587 | Vaults:5 | Reached skill level 15 in Unarmed Combat
 30587 | Vaults:5 | Reached skill level 15 in Evocations
 30645 | Vaults:4 | Reached XP level 24. HP: 132/188 MP: 42/42
 30646 | Vaults:4 | Reached skill level 13 in Hexes
 30646 | Vaults:4 | Reached skill level 13 in Charms
 30646 | Vaults:4 | Reached skill level 13 in Summonings
 30646 | Vaults:4 | Reached skill level 13 in Necromancy
 30646 | Vaults:4 | Reached skill level 13 in Translocations
 30646 | Vaults:4 | Reached skill level 13 in Transmutations
 30646 | Vaults:4 | Reached skill level 13 in Ice Magic
 30646 | Vaults:4 | Reached skill level 13 in Air Magic
 30646 | Vaults:4 | Reached skill level 13 in Earth Magic
 30646 | Vaults:4 | Reached skill level 13 in Poison Magic
 30898 | Vaults:4 | Reached skill level 14 in Fire Magic
 31053 | Vaults:5 | Reached skill level 16 in Spellcasting
 31139 | Vaults:5 | Upgraded the game from 0.22-a0-542-gce4f928 to 0.22-a0-553-g9358b0b
 31269 | Vaults:5 | Reached skill level 16 in Dodging
 31438 | Vaults:5 | Reached skill level 16 in Stealth
 31747 | Vaults:5 | Identified the ring of Loloegh {rC+ AC+3 Str+3} (You took it off a tengu reaver on level 5 of the Vaults)
 31781 | Vaults:5 | Reached XP level 25. HP: 195/195 MP: 34/43
 31889 | Vaults:5 | Identified the +1 pair of boots of Crawling {+Inv rF+ rC+ SInv} (You found it on level 5 of the Vaults)
 31928 | Vaults:5 | Identified Sif Muna's Collected Works on Beguiling
 31932 | Vaults:5 | Identified the +3 plate armour of Past Mistakes {*Drain rElec Str+8 Dex-4} (You found it on level 5 of the Vaults)
 31962 | Vaults:5 | Got a silver rune of Zot
 32476 | D:15     | Learned a level 5 spell: Dispel Undead
 33126 | Crypt:1  | Entered Level 1 of the Crypt
 33148 | Crypt:1  | Noticed Boris
 33154 | Crypt:1  | Killed Boris
 33530 | Crypt:2  | Reached skill level 17 in Invocations
 33893 | Crypt:3  | Entered Level 3 of the Crypt
 34175 | Crypt:3  | Found the +7 sceptre of Torment
 34264 | Crypt:3  | Reached skill level 16 in Crossbows
 34447 | Crypt:3  | Reached skill level 16 in Fighting
 34447 | Crypt:3  | Reached skill level 16 in Short Blades
 34447 | Crypt:3  | Reached skill level 16 in Long Blades
 34447 | Crypt:3  | Reached skill level 16 in Axes
 34447 | Crypt:3  | Reached skill level 16 in Maces & Flails
 34447 | Crypt:3  | Reached skill level 16 in Polearms
 34447 | Crypt:3  | Reached skill level 16 in Staves
 34447 | Crypt:3  | Reached skill level 16 in Slings
 34447 | Crypt:3  | Reached skill level 16 in Bows
 34447 | Crypt:3  | Reached skill level 16 in Throwing
 34447 | Crypt:3  | Reached skill level 16 in Armour
 34447 | Crypt:3  | Reached skill level 16 in Shields
 34447 | Crypt:3  | Reached skill level 16 in Unarmed Combat
 34447 | Crypt:3  | Reached skill level 16 in Evocations
 34474 | Crypt:3  | Found a basalt altar of Yredelemnul.
 34474 | Crypt:3  | Noticed an ancient lich
 34476 | Crypt:3  | Killed an ancient lich
 34512 | Crypt:3  | Found a staircase to the Tomb.
 34561 | Tomb:1   | Entered Level 1 of the Tomb of the Ancients
 34695 | Tomb:1   | Noticed Khufu
 34702 | Tomb:1   | Killed Khufu
 34702 | Tomb:1   | Reached skill level 14 in Conjurations
 34754 | Tomb:1   | Learned a level 8 spell: Ignition
 35177 | Tomb:1   | Noticed a greater mummy
 35184 | Tomb:1   | Killed a greater mummy
 35380 | Tomb:1   | Noticed a greater mummy
 35385 | Tomb:1   | Killed a greater mummy
 35385 | Tomb:1   | Reached skill level 14 in Hexes
 35385 | Tomb:1   | Reached skill level 14 in Charms
 35385 | Tomb:1   | Reached skill level 14 in Summonings
 35385 | Tomb:1   | Reached skill level 14 in Necromancy
 35385 | Tomb:1   | Reached skill level 14 in Translocations
 35385 | Tomb:1   | Reached skill level 14 in Transmutations
 35385 | Tomb:1   | Reached skill level 14 in Ice Magic
 35385 | Tomb:1   | Reached skill level 14 in Air Magic
 35385 | Tomb:1   | Reached skill level 14 in Earth Magic
 35385 | Tomb:1   | Reached skill level 14 in Poison Magic
 35479 | Tomb:1   | Reached XP level 26. HP: 205/205 MP: 31/43
 35605 | Tomb:2   | Noticed a greater mummy
 35605 | Tomb:2   | Noticed a greater mummy
 35622 | Tomb:2   | Killed a greater mummy
 35644 | Tomb:2   | Killed a greater mummy
 35714 | Tomb:2   | Noticed Jory
 35738 | Tomb:2   | Noticed a greater mummy
 35743 | Tomb:2   | Killed a greater mummy
 35795 | Tomb:2   | Noticed a greater mummy
 35820 | Tomb:2   | Killed a greater mummy
 35828 | Tomb:2   | Killed Jory
 35880 | Tomb:2   | Reached skill level 17 in Spellcasting
 36066 | Tomb:2   | Reached skill level 15 in Fire Magic
 36110 | Tomb:2   | Noticed a greater mummy
 36123 | Tomb:2   | Killed a greater mummy
 36474 | Tomb:3   | Entered Level 3 of the Tomb of the Ancients
 36478 | Tomb:3   | Found the +7 Kryia's mail coat {PotionHeal*2 rC+}
 36478 | Tomb:3   | Identified the +9 demon blade of Springtime {venom, Str+5 Int+9}
 36504 | Tomb:3   | Identified the +2 chain mail of Pathos {Str+3} (You found it on level 3 of the Tomb of the Ancients)
 36527 | Tomb:3   | Learned a level 1 spell: Apportation
 36531 | Tomb:3   | Identified the amulet "Lys Itio" {Reflect rN+ Int+3 Dex+2 SH+3} (You found it on level 3 of the Tomb of the Ancients)
 36533 | Tomb:3   | Identified the +6 war axe "Univa" {antimagic, Str+6} (You found it on level 3 of the Tomb of the Ancients)
 36592 | Tomb:3   | Noticed a greater mummy
 36598 | Tomb:3   | Killed a greater mummy
 36598 | Tomb:3   | Reached skill level 17 in Dodging
 36606 | Tomb:3   | Noticed a greater mummy
 36610 | Tomb:3   | Noticed a greater mummy
 36678 | Tomb:3   | Noticed a greater mummy
 36686 | Tomb:3   | Reached skill level 17 in Stealth
 36687 | Tomb:3   | Cast into level 4 of the Abyss (the power of Zot)
 36767 | Tomb:3   | Escaped the Abyss
 36768 | Tomb:3   | Noticed a greater mummy
 36773 | Tomb:3   | Noticed a greater mummy
 36774 | Tomb:3   | Noticed a greater mummy
 36777 | Tomb:3   | Killed a greater mummy
 36778 | Tomb:3   | Killed a greater mummy
 36778 | Tomb:3   | Killed a greater mummy
 36778 | Tomb:3   | Reached skill level 18 in Invocations
 36781 | Tomb:3   | Killed a greater mummy
 36781 | Tomb:3   | Killed a greater mummy
 36782 | Tomb:3   | Noticed a greater mummy
 36786 | Tomb:3   | Noticed an ancient lich
 36789 | Tomb:3   | HP: 6/303 [ancient lich/crystal spear (96)]
 36789 | Tomb:3   | Killed from afar by a greater mummy

Vault maps used:
D:1:      matt_arrival_refuge, kennysheep_pointless_box, item_on_display_a
D:2:      st_stairs_12, minmay_tromino_i4, uniq_crazy_yiuf_cottage
D:3:      grunt_gozag_breadcrumbs, chequers_ecumenical_altar_simple_redux,
          serial_bayou_lagoon_a
D:4:      lemuel_doored_altar, nicolae_overflow_crystal_walls, tso_altar,
          uniq_ijyb
D:5:      first_ration, hangedman_decor_peaks_small
D:6:      black_bear_nest_2, portal_sewer_entry_e, serial_shops, shop_fountains,
          grunt_qazlal_clouds
D:7:      minmay_temple_entry_nine_rooms
D:8:      gammafunk_wand_slinger
D:9:      grunt_pizzeria
D:10:     erik_lair_dragon, nicolae_ashenzari_panopticon
D:11:     fedhas_altar_4
D:12:     orc_0_dummy, st_stairs_4
D:13:     hangedman_vaults_entry_quadrant_bands,
          portal_ice_cave_entry_pillars_2, uniq_kirke, uniq_frances
D:14:     minmay_misc_feat_encased, uniq_agnes
D:15:     grunt_enter_depths_magical_seal, palyth_stone_intersect
Temple:   regret_index_temple_mists
Lair:1:   enter_volcano_3, infiniplex_staircase_pool_2
Lair:2:   spider_nest_entry_rubble
Lair:3:   grunt_megastairs_2, infiniplex_staircase_pool
Lair:4:   minmay_shoals_entry_centaurs, gammafunk_ghost_hydra_chop
Lair:5:   beast_lair_carwin_large_4, dpeg_slime_entry_enclosed_altar,
          minivault_26, grunt_forest_small_clearings, lemuel_fruit_tree
Lair:6:   hangedman_lair_tendril_chambers, gammafunk_ghost_arena
Shoals:1: gammafunk_ghost_cemetery, nicolae_shoals_drake_roost
Shoals:3: serial_shops, shop_fountains, st_cyclops
Shoals:4: shoals_end_simple, shoals_ilsuiw_ice, serial_shops,
          nicolae_shop_window_shopping, uniq_polyphemus, uniq_nikola
Spider:1: hangedman_creepy_crawlies, spider_trap, uniq_donald
Spider:2: hangedman_spider_tarantella_strand
Spider:3: spiders_nest_the_unseen
Spider:4: floodkiller_spider_rune_tomb, spiders_nest_hornet_nest
Slime:1:  nicolae_slime_barrier
Slime:2:  basic_altar
Slime:4:  cheibrodos_slime_lost_civilization_7
Orc:1:    mines1_david
Orc:2:    grunt_orc_community_town_hall, grunt_orc_community_big_house_1,
          grunt_orc_community_big_house_2, grunt_orc_community_house_2,
          grunt_orc_community_house_1, grunt_orc_community_house_3,
          grunt_orc_community_house_1, serial_shops, shop, uniq_josephine
Elf:1:    orc_legates, minmay_misc_feat_rows
Elf:3:    nooodl_elf_gasket, serial_shops, shop_fountains,
          minmay_misc_feat_pillars, amethyst_killhole, uniq_louise,
          uniq_asterion
Vaults:1: nicolae_vaults_little_squares_4, vaults_dpeg_ring,
          vaults_room_stairs_pillars, hangedman_vaults_variations,
          hangedman_vaults_snaps, nicolae_vaults_bisected_exclaves,
          vaults_mumra_hex, nicolae_vaults_little_squares_6,
          nicolae_vaults_mini_display_case, vaults_room_pool,
          vaults_room_hangedman_quadrants, serial_shops, shop_coins
Vaults:2: grunt_vaults_twisty, vaults_room_ringed_pool, hangedman_vaults_cutoff,
          nicolae_vaults_arrows, vaults_room_door_ring, v_alt_pattern_5,
          nicolae_vaults_alarming, ontoclasm_vaults_gateway,
          nicolae_vaults_little_squares_3, vaults_room_corners, v_misc_24
Vaults:3: nicolae_vaults_network_star, v_misc_32, hangedman_vaults_impose,
          nicolae_vaults_border_crossing, vaults_room_corners,
          minmay_crypt_entry_simple_box, serial_shops, shop
Vaults:4: hangedman_vaults_corner, v_misc_19, st_greater_box_3,
          ontoclasm_vaults_decontamination,
          nicolae_vaults_windows_and_doors_thing, vaults_dpeg_cross,
          nicolae_vaults_ring_of_whatevers, grunt_vaults_bifocal,
          v_alt_pattern_2, serial_shops, shop_fountains
Crypt:1:  uniq_boris
Crypt:2:  feat_on_display, grunt_megastairs_3, lemuel_elevator
Crypt:3:  cryptofortress_bobbens
Tomb:1:   uniq_khufu
Tomb:2:   uniq_jory
Abyss:4:  hangedman_abyss_or_decor_stabs
Sewer:    kennysheep_door_sewer
IceCv:    ice_cave_small_necro
Volcano:  volcano_grotto

Skill      XL: |  1  2  3  4  5  6  7  8  9 10 11 12 13 14 15 16 17 18 19 20 21 22 23 24 25 26 |
---------------+-------------------------------------------------------------------------------+-----
Conjurations   | 2 3 4 5 6 7 8 9 10 11 12 13 14 | 14.6
Spellcasting   | 5 6 7 8 9 10 11 12 13 14 15 16 17 | 17.3
Invocations    | 1 2 3 4 5 6 7 8 9 10 11 12 13 14 15 16 17 18 | 18.0
Fighting       | 1 2 3 4 5 6 7 8 9 10 11 12 13 14 15 16 | 16.7
Short Blades   | 1 2 3 4 5 6 7 8 9 10 11 12 13 14 15 16 | 16.7
Long Blades    | 1 2 3 4 5 6 7 8 9 10 11 12 13 14 15 16 | 16.7
Axes           | 1 2 3 4 5 6 7 8 9 10 11 12 13 14 15 16 | 16.7
Maces & Flails | 1 2 3 4 5 6 7 8 9 10 11 12 13 14 15 16 | 16.7
Polearms       | 1 2 3 4 5 6 7 8 9 10 11 12 13 14 15 16 | 16.7
Staves         | 1 2 3 4 5 6 7 8 9 10 11 12 13 14 15 16 | 16.7
Slings         | 1 2 3 4 5 6 7 8 9 10 11 12 13 14 15 16 | 16.7
Bows           | 1 2 3 4 5 6 7 8 9 10 11 12 13 14 15 16 | 16.7
Crossbows      | 1 2 3 4 5 6 7 8 9 10 11 12 13 14 15 16 | 16.8
Throwing       | 1 2 3 4 5 6 7 8 9 10 11 12 13 14 15 16 | 16.7
Armour         | 1 2 3 4 5 6 7 8 9 10 11 12 13 14 15 16 | 16.7
Shields        | 1 2 3 4 5 6 7 8 9 10 11 12 13 14 15 16 | 16.7
Unarmed Combat | 1 2 3 4 5 6 7 8 9 10 11 12 13 14 15 16 | 16.7
Hexes          | 1 2 3 4 5 6 7 8 9 10 11 12 13 14 | 14.4
Charms         | 1 2 3 4 5 6 7 8 9 10 11 12 13 14 | 14.4
Summonings     | 1 2 3 4 5 6 7 8 9 10 11 12 13 14 | 14.4
Necromancy     | 1 2 3 4 5 6 7 8 9 10 11 12 13 14 | 14.4
Translocations | 1 2 3 4 5 6 7 8 9 10 11 12 13 14 | 14.4
Transmutations | 1 2 3 4 5 6 7 8 9 10 11 12 13 14 | 14.4
Ice Magic      | 1 2 3 4 5 6 7 8 9 10 11 12 13 14 | 14.4
Air Magic      | 1 2 3 4 5 6 7 8 9 10 11 12 13 14 | 14.4
Earth Magic    | 1 2 3 4 5 6 7 8 9 10 11 12 13 14 | 14.4
Poison Magic   | 1 2 3 4 5 6 7 8 9 10 11 12 13 14 | 14.4
Evocations     | 1 2 3 4 5 6 7 8 9 10 11 12 13 14 15 16 | 16.7
Dodging        | 5 6 7 8 9 10 11 12 13 14 15 16 17 | 17.2
Stealth        | 5 6 7 8 9 10 11 12 13 14 15 16 17 | 17.1
Fire Magic     | 6 7 8 9 10 11 12 13 14 15 | 15.2

Action                   |  1- 3 |  4- 6 |  7- 9 | 10-12 | 13-15 | 16-18 | 19-21 | 22-24 | 25-27 || total
-------------------------+-------+-------+-------+-------+-------+-------+-------+-------+-------++-------
Melee: Spear             |    56 |       |       |       |       |       |       |       |       ||    56
       Dagger            |    30 |   184 |   270 |   229 |   542 |   214 |       |       |       ||  1469
       Bite              |     8 |    17 |    33 |    36 |   113 |    38 |   192 |   184 |    10 ||   631
       Punch             |       |     1 |     2 |     8 |    41 |     3 |       |       |       ||    55
       Staff             |       |       |       |       |       |     3 |   654 |   588 |     8 ||  1253
       Scimitar          |       |       |       |       |       |     1 |       |       |       ||     1
       Broad axe         |       |       |       |       |       |       |   169 |    60 |    22 ||   251
 Fire: Hand crossbow     |       |       |       |       |       |       |       |    19 |       ||    19
Throw: Javelin           |       |    24 |       |       |       |       |       |       |       ||    24
       Tomahawk          |       |       |       |       |       |     1 |       |       |       ||     1
 Cast: Flame Tongue      |    10 |       |       |       |       |       |       |       |       ||    10
       Throw Flame       |    21 |    15 |    14 |    25 |    21 |     1 |       |       |       ||    97
       Sticky Flame      |       |     3 |    47 |    47 |    36 |    10 |       |       |       ||   143
       Conjure Flame     |       |     1 |       |       |     2 |       |       |       |       ||     3
       Summon Lightning  |       |       |     1 |     4 |    15 |    16 |    22 |     1 |     1 ||    60
       Fireball          |       |       |       |    23 |     5 |     2 |    43 |    10 |     3 ||    86
       Mephitic Cloud    |       |       |       |     1 |       |     1 |       |       |       ||     2
       Ensorcelled Hiber |       |       |       |    53 |   136 |    42 |       |       |       ||   231
       Freezing Cloud    |       |       |       |       |    29 |    57 |    18 |    16 |       ||   120
       Simulacrum        |       |       |       |       |     4 |       |     1 |       |       ||     5
       Borgnjor's Vile C |       |       |       |       |       |    30 |   209 |   207 |    88 ||   534
       Conjure Ball Ligh |       |       |       |       |       |       |    31 |     3 |       ||    34
       Bolt of Fire      |       |       |       |       |       |       |    16 |    12 |    37 ||    65
       Deflect Missiles  |       |       |       |       |       |       |     1 |     3 |     2 ||     6
       Regeneration      |       |       |       |       |       |       |       |    23 |    49 ||    72
       Dispel Undead     |       |       |       |       |       |       |       |       |   296 ||   296
       Ignition          |       |       |       |       |       |       |       |       |     6 ||     6
       Apportation       |       |       |       |       |       |       |       |       |     4 ||     4
       Passage of Golubr |       |       |       |       |       |       |       |       |     3 ||     3
Invok: Slouch            |       |       |       |     2 |    14 |     7 |     6 |     4 |    13 ||    46
       Step From Time    |       |       |       |     1 |       |       |       |       |     1 ||     2
 Abil: Evoke Invisibilit |       |       |       |       |     2 |    11 |     2 |       |       ||    15
Evoke: Wand              |       |       |     3 |    21 |    40 |    19 |    68 |    26 |       ||   177
       Fan of gales      |       |       |     1 |     1 |     2 |       |       |       |       ||     4
       Sack of spiders   |       |       |       |       |       |     5 |       |     3 |       ||     8
       Phial of floods   |       |       |       |       |       |     1 |       |       |       ||     1
       Lightning rod     |       |       |       |       |       |       |     2 |     3 |     4 ||     9
       Staff of energy   |       |       |       |       |       |       |       |   195 |   774 ||   969
       Crystal ball of e |       |       |       |       |       |       |       |       |    31 ||    31
  Use: Scroll            |     5 |     2 |    14 |    13 |    10 |    10 |    17 |     8 |    23 ||   102
       Potion            |       |       |       |     4 |     3 |     3 |     4 |     1 |    14 ||    29
 Stab: Sleeping          |     6 |     2 |     9 |    43 |   127 |    67 |    13 |     9 |       ||   276
       Confused          |       |       |       |     3 |       |       |       |       |       ||     3
       Distracted        |       |       |       |     1 |     6 |       |     4 |     1 |       ||    12
       Invisible         |       |       |       |     2 |     1 |    12 |    38 |       |       ||    53
       Held in net/web   |       |       |       |       |     1 |       |       |       |       ||     1
       Paralysed         |       |       |       |       |       |     1 |       |       |       ||     1
       Petrifying        |       |       |       |       |       |       |     2 |       |       ||     2
       Petrified         |       |       |       |       |       |       |       |     4 |       ||     4
  Eat: Ration            |     1 |       |       |     3 |     2 |     6 |     2 |     2 |    13 ||    29
       Chunk             |       |     4 |    17 |     8 |     7 |    11 |    13 |    15 |     8 ||    83
Armor: Robe              |    15 |    22 |    57 |    25 |       |       |       |       |       ||   119
       Ring mail         |       |       |       |    27 |   296 |    35 |   104 |   107 |     1 ||   570
       Quicksilver drago |       |       |       |       |       |       |       |       |    47 ||    47
       Skin              |       |       |       |       |       |       |       |       |    40 ||    40
Dodge: Dodged            |    63 |   126 |   254 |   327 |   844 |   137 |   494 |   441 |   209 ||  2895
       Deflected         |       |       |       |       |       |       |    20 |    38 |     6 ||    64
Block: Buckler           |       |       |       |       |       |    16 |       |       |       ||    16
       Shield            |       |       |       |       |       |    38 |   674 |   645 |   321 ||  1678
       Reflection        |       |       |       |       |       |     8 |       |       |       ||     8
       Rpst.: Scimitar   |       |       |       |       |       |     1 |       |       |       ||     1

Table legend:
 A = Spawn XP
 B = Non-spawn XP
 C = Spawn XP percentage of total XP
 D = Spawn monster count
 E = Non-spawn monster count
 F = Spawn count percentage of total count
 G = Total turns spent on level
                    A         B        C        D         E        F      G
               +---------+---------+-------+---------+---------+-------+---------
         Total |    3383 | 1193709 |   0.3 |       4 |    2193 |   0.2 | 36789
               +---------+---------+-------+---------+---------+-------+---------
           D:1 |       0 |      31 |   0.0 |       0 |      19 |   0.0 |   278
           D:2 |       0 |      39 |   0.0 |       0 |      20 |   0.0 |   331
           D:3 |       0 |      21 |   0.0 |       0 |      11 |   0.0 |   432
           D:4 |       0 |     191 |   0.0 |       0 |      22 |   0.0 |   243
           D:5 |       0 |     529 |   0.0 |       0 |      16 |   0.0 |   879
           D:6 |       0 |     616 |   0.0 |       0 |      22 |   0.0 |   943
           D:7 |       0 |    1388 |   0.0 |       0 |      18 |   0.0 |   563
           D:8 |       0 |    2576 |   0.0 |       0 |      41 |   0.0 |   706
           D:9 |       0 |    1396 |   0.0 |       0 |      22 |   0.0 |   730
          D:10 |       0 |    4247 |   0.0 |       0 |      51 |   0.0 |  1068
          D:11 |       0 |    6311 |   0.0 |       0 |      39 |   0.0 |   572
          D:12 |       0 |    2213 |   0.0 |       0 |      18 |   0.0 |   655
          D:13 |       0 |   17732 |   0.0 |       0 |      51 |   0.0 |   724
          D:14 |       0 |    7106 |   0.0 |       0 |      13 |   0.0 |   665
          D:15 |       0 |   10523 |   0.0 |       0 |      26 |   0.0 |   749
        Lair:1 |       0 |    2714 |   0.0 |       0 |      13 |   0.0 |   540
        Lair:2 |       0 |    4489 |   0.0 |       0 |      17 |   0.0 |   527
        Lair:3 |       0 |    2478 |   0.0 |       0 |       6 |   0.0 |   464
        Lair:4 |       0 |    6296 |   0.0 |       0 |      24 |   0.0 |   656
        Lair:5 |       0 |   13567 |   0.0 |       0 |      32 |   0.0 |   594
        Lair:6 |       0 |   23827 |   0.0 |       0 |      76 |   0.0 |   782
      Shoals:1 |       0 |   13009 |   0.0 |       0 |      31 |   0.0 |   544
      Shoals:2 |       0 |    5789 |   0.0 |       0 |      16 |   0.0 |   578
      Shoals:3 |       0 |   14943 |   0.0 |       0 |      26 |   0.0 |   623
      Shoals:4 |       0 |   46733 |   0.0 |       0 |      73 |   0.0 |   762
      Spider:1 |       0 |   29367 |   0.0 |       0 |      99 |   0.0 |  1116
      Spider:2 |       0 |   13696 |   0.0 |       0 |      35 |   0.0 |   671
      Spider:3 |       0 |   19156 |   0.0 |       0 |      40 |   0.0 |   511
      Spider:4 |       0 |   28166 |   0.0 |       0 |      68 |   0.0 |   588
       Slime:2 |       0 |    9465 |   0.0 |       0 |      17 |   0.0 |    73
       Slime:3 |       0 |    5156 |   0.0 |       0 |      17 |   0.0 |    40
       Slime:4 |       0 |    1878 |   0.0 |       0 |       1 |   0.0 |    43
       Slime:5 |       0 |   33629 |   0.0 |       0 |      32 |   0.0 |   445
         Orc:1 |       0 |    5288 |   0.0 |       0 |      59 |   0.0 |   563
         Orc:2 |       0 |    7627 |   0.0 |       0 |      73 |   0.0 |  1420
         Elf:1 |       0 |   19497 |   0.0 |       0 |      40 |   0.0 |   980
         Elf:2 |       0 |   35812 |   0.0 |       0 |      52 |   0.0 |  1105
         Elf:3 |       0 |   71886 |   0.0 |       0 |      62 |   0.0 |  2296
      Vaults:1 |       0 |   68875 |   0.0 |       0 |     117 |   0.0 |  1349
      Vaults:2 |       0 |   44324 |   0.0 |       0 |      77 |   0.0 |  1124
      Vaults:3 |       0 |   48319 |   0.0 |       0 |      61 |   0.0 |  1119
      Vaults:4 |       0 |  126255 |   0.0 |       0 |     142 |   0.0 |  1950
      Vaults:5 |       0 |  149007 |   0.0 |       0 |     114 |   0.0 |  1248
       Crypt:1 |       0 |    6200 |   0.0 |       0 |       5 |   0.0 |   117
       Crypt:2 |       0 |   32738 |   0.0 |       0 |      49 |   0.0 |   687
       Crypt:3 |       0 |   47551 |   0.0 |       0 |      47 |   0.0 |   631
        Tomb:1 |       0 |   50382 |   0.0 |       0 |      61 |   0.0 |   967
        Tomb:2 |       0 |   70831 |   0.0 |       0 |      81 |   0.0 |  1005
        Tomb:3 |       0 |   67556 |   0.0 |       0 |      56 |   0.0 |   176
       Abyss:4 |    3383 |     205 |  94.3 |       4 |       1 |  80.0 |    80
         Sewer |       0 |     140 |   0.0 |       0 |       6 |   0.0 |   162
         IceCv |       0 |    6839 |   0.0 |       0 |      54 |   0.0 |   400
       Volcano |       0 |    5100 |   0.0 |       0 |      24 |   0.0 |   263
               +---------+---------+-------+---------+---------+-------+---------

Table legend:
 A = Turns spent in this place as a percentage of turns spent in the entire game.
 B = Non-inter-level travel turns spent in this place as a percentage of non-inter-level travel turns spent in the entire game.
 C = Inter-level travel turns spent in this place as a percentage of turns spent in this place.
 D = Turns resting spent in this place as a percentage of non-inter-level travel turns spent in this place.
 E = Turns spent auto-exploring this place as a percentage of non-inter-level travel turns spent in this place.
 F = Non-inter-level travel turns spent in this place divided by the number of levels of this place that you've seen.
                   A       B       C       D       E      F
               +-------+-------+-------+-------+-------+----------------------
         Total | 100.0 | 100.0 |  14.1 |   2.1 |   0.2 | 574.6
       Dungeon |  25.9 |  24.5 |  18.9 |   0.0 |   0.0 | 515.7
        Temple |   0.1 |   0.1 |   0.0 |   0.0 |   0.0 |  44.0
          Lair |   9.7 |   9.8 |  13.3 |   0.0 |   0.0 | 514.7
        Shoals |   6.8 |   6.9 |  13.2 |   0.6 |   0.0 | 544.0
   Spider Nest |   7.8 |   8.4 |   8.4 |   0.6 |   0.0 | 661.0
    Slime Pits |   1.7 |   1.9 |   0.0 |   4.6 |   0.0 | 121.8
  Orcish Mines |   5.4 |   4.4 |  30.2 |   0.0 |   3.6 | 692.5
   Elven Halls |  11.9 |  11.1 |  20.2 |  13.8 |   0.0 | 1165.0
        Vaults |  18.5 |  18.9 |  12.0 |   1.5 |   0.0 | 1195.6
         Crypt |   3.9 |   4.5 |   1.1 |   0.0 |   0.0 | 473.0
          Tomb |   5.8 |   6.7 |   1.1 |   2.3 |   0.0 | 708.0
         Abyss |   0.2 |   0.3 |   0.0 |   0.0 |   0.0 |  80.0
         Sewer |   0.4 |   0.5 |   0.0 |   0.0 |   0.0 | 162.0
      Ice Cave |   1.1 |   1.3 |   0.0 |   0.0 |   0.0 | 400.0
       Volcano |   0.7 |   0.8 |   0.0 |   0.0 |   0.0 | 263.0
               +-------+-------+-------+-------+-------+----------------------

Table legend:
 A = Kills in this place as a percentage of kills in entire the game.
 B = Kills by you in this place as a percentage of kills by you in the entire game.
 C = Kills by friends in this place as a percentage of kills by friends in the entire game.
 D = Other kills in this place as a percentage of other kills in the entire game.
 E = Experience gained in this place as a percentage of experience gained in the entire game.
 F = Experience gained in this place divided by the number of levels of this place that you have seen.
                   A       B       C       D       E      F
               +-------+-------+-------+-------+-------+----------------------
         Total | 100.0 | 100.0 | 100.0 | 100.0 | 100.0 | 21765.3
       Dungeon |  17.7 |  17.9 |  14.3 |   0.0 |   4.6 | 3661.3
          Lair |   7.6 |   7.8 |   1.8 |   0.0 |   4.5 | 8895.2
        Shoals |   6.6 |   6.7 |   5.4 |   9.1 |   6.7 | 20118.5
   Spider Nest |  11.0 |  10.8 |  21.4 |   0.0 |   7.6 | 22596.2
    Slime Pits |   3.0 |   2.8 |  12.5 |   9.1 |   4.2 | 10025.6
  Orcish Mines |   6.0 |   6.1 |   5.4 |   0.0 |   1.1 | 6457.5
   Elven Halls |   7.0 |   6.6 |  17.9 |  36.4 |  10.6 | 42398.3
        Vaults |  23.3 |  23.5 |  12.5 |  27.3 |  36.5 | 87356.0
         Crypt |   4.6 |   4.7 |   0.0 |   0.0 |   7.2 | 28829.7
          Tomb |   9.0 |   9.2 |   0.0 |  18.2 |  15.8 | 62923.0
         Abyss |   0.2 |   0.2 |   0.0 |   0.0 |   0.3 | 3588.0
         Sewer |   0.3 |   0.3 |   0.0 |   0.0 |   0.0 | 140.0
      Ice Cave |   2.5 |   2.5 |   0.0 |   0.0 |   0.6 | 6839.0
       Volcano |   1.1 |   0.9 |   8.9 |   0.0 |   0.4 | 5100.0
               +-------+-------+-------+-------+-------+----------------------

Vault maps used:
D:1:      matt_arrival_refuge, kennysheep_pointless_box, item_on_display_a
D:2:      st_stairs_12, minmay_tromino_i4, uniq_crazy_yiuf_cottage
D:3:      grunt_gozag_breadcrumbs, chequers_ecumenical_altar_simple_redux,
          serial_bayou_lagoon_a
D:4:      lemuel_doored_altar, nicolae_overflow_crystal_walls, tso_altar,
          uniq_ijyb
D:5:      first_ration, hangedman_decor_peaks_small
D:6:      black_bear_nest_2, portal_sewer_entry_e, serial_shops, shop_fountains,
          grunt_qazlal_clouds
D:7:      minmay_temple_entry_nine_rooms
D:8:      gammafunk_wand_slinger
D:9:      grunt_pizzeria
D:10:     erik_lair_dragon, nicolae_ashenzari_panopticon
D:11:     fedhas_altar_4
D:12:     orc_0_dummy, st_stairs_4
D:13:     hangedman_vaults_entry_quadrant_bands,
          portal_ice_cave_entry_pillars_2, uniq_kirke, uniq_frances
D:14:     minmay_misc_feat_encased, uniq_agnes
D:15:     grunt_enter_depths_magical_seal, palyth_stone_intersect
Temple:   regret_index_temple_mists
Lair:1:   enter_volcano_3, infiniplex_staircase_pool_2
Lair:2:   spider_nest_entry_rubble
Lair:3:   grunt_megastairs_2, infiniplex_staircase_pool
Lair:4:   minmay_shoals_entry_centaurs, gammafunk_ghost_hydra_chop
Lair:5:   beast_lair_carwin_large_4, dpeg_slime_entry_enclosed_altar,
          minivault_26, grunt_forest_small_clearings, lemuel_fruit_tree
Lair:6:   hangedman_lair_tendril_chambers, gammafunk_ghost_arena
Shoals:1: gammafunk_ghost_cemetery, nicolae_shoals_drake_roost
Shoals:3: serial_shops, shop_fountains, st_cyclops
Shoals:4: shoals_end_simple, shoals_ilsuiw_ice, serial_shops,
          nicolae_shop_window_shopping, uniq_polyphemus, uniq_nikola
Spider:1: hangedman_creepy_crawlies, spider_trap, uniq_donald
Spider:2: hangedman_spider_tarantella_strand
Spider:3: spiders_nest_the_unseen
Spider:4: floodkiller_spider_rune_tomb, spiders_nest_hornet_nest
Slime:1:  nicolae_slime_barrier
Slime:2:  basic_altar
Slime:4:  cheibrodos_slime_lost_civilization_7
Orc:1:    mines1_david
Orc:2:    grunt_orc_community_town_hall, grunt_orc_community_big_house_1,
          grunt_orc_community_big_house_2, grunt_orc_community_house_2,
          grunt_orc_community_house_1, grunt_orc_community_house_3,
          grunt_orc_community_house_1, serial_shops, shop, uniq_josephine
Elf:1:    orc_legates, minmay_misc_feat_rows
Elf:3:    nooodl_elf_gasket, serial_shops, shop_fountains,
          minmay_misc_feat_pillars, amethyst_killhole, uniq_louise,
          uniq_asterion
Vaults:1: nicolae_vaults_little_squares_4, vaults_dpeg_ring,
          vaults_room_stairs_pillars, hangedman_vaults_variations,
          hangedman_vaults_snaps, nicolae_vaults_bisected_exclaves,
          vaults_mumra_hex, nicolae_vaults_little_squares_6,
          nicolae_vaults_mini_display_case, vaults_room_pool,
          vaults_room_hangedman_quadrants, serial_shops, shop_coins
Vaults:2: grunt_vaults_twisty, vaults_room_ringed_pool, hangedman_vaults_cutoff,
          nicolae_vaults_arrows, vaults_room_door_ring, v_alt_pattern_5,
          nicolae_vaults_alarming, ontoclasm_vaults_gateway,
          nicolae_vaults_little_squares_3, vaults_room_corners, v_misc_24
Vaults:3: nicolae_vaults_network_star, v_misc_32, hangedman_vaults_impose,
          nicolae_vaults_border_crossing, vaults_room_corners,
          minmay_crypt_entry_simple_box, serial_shops, shop
Vaults:4: hangedman_vaults_corner, v_misc_19, st_greater_box_3,
          ontoclasm_vaults_decontamination,
          nicolae_vaults_windows_and_doors_thing, vaults_dpeg_cross,
          nicolae_vaults_ring_of_whatevers, grunt_vaults_bifocal,
          v_alt_pattern_2, serial_shops, shop_fountains
Crypt:1:  uniq_boris
Crypt:2:  feat_on_display, grunt_megastairs_3, lemuel_elevator
Crypt:3:  cryptofortress_bobbens
Tomb:1:   uniq_khufu
Tomb:2:   uniq_jory
Abyss:4:  hangedman_abyss_or_decor_stabs
Sewer:    kennysheep_door_sewer
IceCv:    ice_cave_small_necro
Volcano:  volcano_grotto
